Workbook
Name TitleRegion..BO60: #REF!
Name TitleRegion..BO60: #REF!
Name 完成百分比: 帳冊!超出完成百分比*帳冊!計劃中的期間
Name 完成百分比: 超出完成百分比*計劃中的期間
Name 計劃: 帳冊!計劃中的期間*(#REF!>0)
Name 計劃: 計劃中的期間*(#REF!>0)
Name 計劃中的期間: #REF!=MEDIAN(#REF!,#REF!,#REF!+#REF!-1)
Name 計劃中的期間: #REF!=MEDIAN(#REF!,#REF!,#REF!+#REF!-1)
Name 專訪: #REF!=MEDIAN(#REF!,#REF!,#REF!+#REF!-1)
Name 專訪: #REF!=MEDIAN(#REF!,#REF!,#REF!+#REF!-1)
Name 期間_已選取: #REF!
Name 期間_已選取: #REF!
Name 超出完成百分比: (#REF!=MEDIAN(#REF!,#REF!,#REF!+#REF!)*(#REF!>0))*((#REF!<(INT(#REF!+#REF!*#REF!)))+(#REF!=#REF!))*(#REF!>0)
Name 超出完成百分比: (#REF!=MEDIAN(#REF!,#REF!,#REF!+#REF!)*(#REF!>0))*((#REF!<(INT(#REF!+#REF!*#REF!)))+(#REF!=#REF!))*(#REF!>0)
Name 實際: (帳冊!實際中的期間*(#REF!>0))*帳冊!計劃中的期間
Name 實際: (實際中的期間*(#REF!>0))*計劃中的期間
Name 實際中的期間: #REF!=MEDIAN(#REF!,#REF!,#REF!+#REF!-1)
Name 實際中的期間: #REF!=MEDIAN(#REF!,#REF!,#REF!+#REF!-1)
Name 實際超出: 帳冊!實際中的期間*(#REF!>0)
Name 實際超出: 實際中的期間*(#REF!>0)

Sheet 帳冊1
A2: 日期 | B2: 月 | C2: 類別 | D2: 內容 | E2: 單據編號 | F2: 單據項次 | G2: 科目代號 | H2: Type | I2: 科目名稱 | J2: 報表內容 | K2: 收/請款人 | L2: 類別2 | M2: 收入 | N2: 支出 | O2: 金額 | P2: 餘額 | Q2: 零用金 | R2: 總額 | S2: 活存 | T2: 定存 | U2: 現金 | W2: 銀行 | X2: 19500 | Y2: 39 | Z2: 19500
A3: 期初結存 | C3: N | D3: 期初結存 | I3: 期初結存 | Q3: 319826 | R3: 308301 | S3: 58301 | T3: 250000 | U3: 11525 | W3: 現金 | X3: 22000 | Y3: 44 | Z3: 22000
A4: 45658 | B4: 1 | C4: 現金 | D4: 郵電費 | G4: 5205 | H4: 5 | I4: 郵電費 | J4: 郵電費 | L4: N | N4: 0 | O4: 0 | P4: 0 | Q4: 319826 | R4: 308301 | S4: 58301 | T4: 250000 | U4: 11525
A5: 45658 | B5: 12 | C5: 現金 | D5: 會員號碼(黃士豪)-114年 | G5: 4102 | H5: 4 | I5: 常年會費 | J5: 常年會費 | K5: 楊淑英 | L5: N | M5: 500 | O5: 500 | P5: 500 | Q5: 320326 | R5: 308301 | S5: 58301 | T5: 250000 | U5: 12025
A6: 45658 | B6: 12 | C6: 現金 | D6: 會員號碼(賴敏慧)-114年 | G6: 4102 | H6: 4 | I6: 常年會費 | J6: 常年會費 | K6: 楊淑英 | L6: N | M6: 500 | O6: 500 | P6: 1000 | Q6: 320826 | R6: 308301 | S6: 58301 | T6: 250000 | U6: 12525
A7: 45660 | B7: 1 | C7: 現金 | D7: 買砂輪片1盒 | E7: 1140315001 | G7: 5211 | H7: 5 | I7: 材料費 | J7: 買砂輪片1盒 | K7: 楊淑英 | L7: N | N7: 180 | O7: -180 | P7: 820 | Q7: 320646 | R7: 308301 | S7: 58301 | T7: 250000 | U7: 12345
A8: 45663 | B8: 1 | C8: 銀行 | D8: 存單利息 | E8: 存單利息 | G8: 4109 | H8: 4 | I8: 其他收入 | J8: 利息 | K8: 銀行 | L8: N | M8: 70 | O8: 70 | P8: 890 | Q8: 320716 | R8: 308371 | S8: 58371 | T8: 250000 | U8: 12345
A9: 45664 | B9: 1 | C9: 現金 | D9: 2024H2:雞舍回饋金 | G9: 5211 | H9: 5 | I9: 材料費 | J9: 回饋金 | K9: 楊淑英 | L9: N | M9: 4474 | O9: 4474 | P9: 5364 | Q9: 325190 | R9: 308371 | S9: 58371 | T9: 250000 | U9: 16819
A10: 45666 | B10: 1 | C10: 銀行 | D10: 常年會費黃鈴潔 | G10: 4102 | H10: 4 | I10: 常年會費 | J10: 常年會費 | K10: 黃鈴潔 | L10: N | M10: 500 | O10: 500 | P10: 5864 | Q10: 325690 | R10: 308871 | S10: 58871 | T10: 250000 | U10: 16819
A11: 45667 | B11: 1 | C11: 現金 | D11: 常年會費林秋涼 | G11: 4102 | H11: 4 | I11: 常年會費 | J11: 常年會費 | K11: 林秋涼 | L11: N | M11: 500 | O11: 500 | P11: 6364 | Q11: 326190 | R11: 308871 | S11: 58871 | T11: 250000 | U11: 17319
A12: 45667 | B12: 1 | C12: 現金 | D12: 常年會費蘇秋桂 | G12: 4102 | H12: 4 | I12: 常年會費 | J12: 常年會費 | K12: 蘇秋桂 | L12: N | M12: 500 | O12: 500 | P12: 6864 | Q12: 326690 | R12: 308871 | S12: 58871 | T12: 250000 | U12: 17819
A13: 45667 | B13: 1 | C13: 現金 | D13: 常年會費 | G13: 4102 | H13: 4 | I13: 常年會費 | J13: 常年會費 | K13: 楊淑英 | L13: N | M13: 500 | O13: 500 | P13: 7364 | Q13: 327190 | R13: 308871 | S13: 58871 | T13: 250000 | U13: 18319
A14: 45668 | B14: 1 | C14: 銀行 | D14: 存單利息 | E14: 存單利息 | G14: 4109 | H14: 4 | I14: 其他收入 | J14: 利息 | K14: 銀行 | L14: N | M14: 66 | O14: 66 | P14: 7430 | Q14: 327256 | R14: 308937 | S14: 58937 | T14: 250000 | U14: 18319
A15: 45668 | B15: 1 | C15: 銀行 | D15: 存單利息 | E15: 存單利息 | G15: 4109 | H15: 4 | I15: 其他收入 | J15: 利息 | K15: 銀行 | L15: N | M15: 66 | O15: 66 | P15: 7496 | Q15: 327322 | R15: 309003 | S15: 59003 | T15: 250000 | U15: 18319
A16: 45668 | B16: 1 | C16: 銀行 | D16: 存單利息 | E16: 存單利息 | G16: 4109 | H16: 4 | I16: 其他收入 | J16: 利息 | K16: 銀行 | L16: N | M16: 66 | O16: 66 | P16: 7562 | Q16: 327388 | R16: 309069 | S16: 59069 | T16: 250000 | U16: 18319
A17: 45668 | B17: 1 | C17: 銀行 | D17: 存單利息 | E17: 存單利息 | G17: 4109 | H17: 4 | I17: 其他收入 | J17: 利息 | K17: 銀行 | L17: N | M17: 70 | O17: 70 | P17: 7632 | Q17: 327458 | R17: 309139 | S17: 59139 | T17: 250000 | U17: 18319
A18: 45676 | B18: 1 | C18: 銀行 | D18: 還款(8/25王志仁借款) | G18: 9999 | H18: 9 | I18: 還款 | K18: 王志仁 | L18: N | M18: 50000 | O18: 50000 | P18: 57632 | Q18: 477458 | R18: 459139 | S18: 109139 | T18: 350000 | U18: 18319
A19: 45676 | B19: 1 | C19: 銀行 | D19: 還款(8/25王志仁借款) | G19: 9999 | H19: 9 | I19: 還款 | K19: 王志仁 | L19: N | M19: 50000 | O19: 50000 | P19: 107632 | Q19: 527458 | R19: 509139 | S19: 159139 | T19: 350000 | U19: 18319
A20: 45677 | B20: 1 | C20: 銀行 | D20: 場地費(收據-1130010~收據-11300113) | F20: 收據-1130010~收據-11300113 | G20: 5211 | H20: 5 | I20: 材料費 | K20: 王志仁 | L20: N | M20: 42000 | O20: 42000 | P20: 149632 | Q20: 569458 | R20: 551139 | S20: 201139 | T20: 350000 | U20: 18319
A21: 45677 | B21: 1 | C21: 銀行 | D21: 網路台綜轉定 | G21: 9999 | H21: 9 | I21: 網路台綜轉定 | K21: 銀行 | L21: N | N21: 100000 | O21: -100000 | P21: 49632 | Q21: 469458 | R21: 451139 | S21: 101139 | T21: 350000 | U21: 18319
A22: 45694 | B22: 2 | C22: 銀行 | D22: 存單利息 | E22: 存單利息 | G22: 4109 | H22: 4 | I22: 其他收入 | J22: 利息 | K22: 銀行 | L22: N | M22: 70 | O22: 70 | P22: 49702 | Q22: 469528 | R22: 451209 | S22: 101209 | T22: 350000 | U22: 18319
A23: 45698 | B23: 2 | C23: 銀行 | D23: 常年會費劉貴英 | G23: 4102 | H23: 4 | I23: 常年會費 | J23: 常年會費 | K23: 劉貴英 | L23: N | M23: 500 | O23: 500 | P23: 50202 | Q23: 470028 | R23: 451709 | S23: 101709 | T23: 350000 | U23: 18319
A24: 45698 | B24: 2 | C24: 現金 | D24: 實驗室土水郵資 | E24: 1140315001 | G24: 5205 | H24: 5 | I24: 郵電費 | J24: 郵電費 | K24: 楊淑英 | L24: N | N24: 80 | O24: -80 | P24: 50122 | Q24: 469948 | R24: 451709 | S24: 101709 | T24: 350000 | U24: 18239
A25: 45698 | B25: 2 | C25: 現金 | D25: 調和漆2桶 | E25: 1140228001 | G25: 5211 | H25: 5 | I25: 材料費 | J25: 調和漆2桶 | K25: 黃勝雄 | L25: N | N25: 525 | O25: -525 | P25: 49597 | Q25: 469423 | R25: 451709 | S25: 101709 | T25: 350000 | U25: 17714
A26: 45698 | B26: 2 | C26: 現金 | D26: 乾拌水泥 | E26: 1140228001 | G26: 5211 | H26: 5 | I26: 材料費 | J26: 乾拌水泥 | K26: 黃勝雄 | L26: N | N26: 1360 | O26: -1360 | P26: 48237 | Q26: 468063 | R26: 451709 | S26: 101709 | T26: 350000 | U26: 16354
A27: 45699 | B27: 2 | C27: 銀行 | D27: 存單利息 | E27: 存單利息 | G27: 4109 | H27: 4 | I27: 其他收入 | J27: 利息 | K27: 銀行 | L27: N | M27: 70 | O27: 70 | P27: 48307 | Q27: 468133 | R27: 451779 | S27: 101779 | T27: 350000 | U27: 16354
A28: 45699 | B28: 2 | C28: 銀行 | D28: 存單利息 | E28: 存單利息 | G28: 4109 | H28: 4 | I28: 其他收入 | J28: 利息 | K28: 銀行 | L28: N | M28: 66 | O28: 66 | P28: 48373 | Q28: 468199 | R28: 451845 | S28: 101845 | T28: 350000 | U28: 16354
A29: 45699 | B29: 2 | C29: 銀行 | D29: 存單利息 | E29: 存單利息 | G29: 4109 | H29: 4 | I29: 其他收入 | J29: 利息 | K29: 銀行 | L29: N | M29: 66 | O29: 66 | P29: 48439 | Q29: 468265 | R29: 451911 | S29: 101911 | T29: 350000 | U29: 16354
A30: 45699 | B30: 2 | C30: 銀行 | D30: 存單利息 | E30: 存單利息 | G30: 4109 | H30: 4 | I30: 其他收入 | J30: 利息 | K30: 銀行 | L30: N | M30: 66 | O30: 66 | P30: 48505 | Q30: 468331 | R30: 451977 | S30: 101977 | T30: 350000 | U30: 16354
A31: 45699 | B31: 2 | C31: 銀行 | D31: 常年會費胡耿逢 | G31: 4102 | H31: 4 | I31: 常年會費 | J31: 常年會費 | K31: 胡耿逢 | L31: N | M31: 500 | O31: 500 | P31: 49005 | Q31: 468831 | R31: 452477 | S31: 102477 | T31: 350000 | U31: 16354
A32: 45699 | B32: 2 | C32: 銀行 | D32: 常年會費張家源 | G32: 4102 | H32: 4 | I32: 常年會費 | J32: 常年會費 | K32: 張家源 | L32: N | M32: 500 | O32: 500 | P32: 49505 | Q32: 469331 | R32: 452977 | S32: 102977 | T32: 350000 | U32: 16354
A33: 45699 | B33: 2 | C33: 銀行 | D33: 常年會費黃湘淳 | G33: 4102 | H33: 4 | I33: 常年會費 | J33: 常年會費 | K33: 黃湘淳 | L33: N | M33: 500 | O33: 500 | P33: 50005 | Q33: 469831 | R33: 453477 | S33: 103477 | T33: 350000 | U33: 16354
A34: 45699 | B34: 2 | C34: 銀行 | D34: 常年會費莊棋本 | G34: 4102 | H34: 4 | I34: 常年會費 | J34: 常年會費 | K34: 莊棋本 | L34: N | M34: 500 | O34: 500 | P34: 50505 | Q34: 470331 | R34: 453977 | S34: 103977 | T34: 350000 | U34: 16354
A35: 45699 | B35: 2 | C35: 銀行 | D35: 常年會費林秀映 | G35: 4102 | H35: 4 | I35: 常年會費 | J35: 常年會費 | K35: 林秀映 | L35: N | M35: 500 | O35: 500 | P35: 51005 | Q35: 470831 | R35: 454477 | S35: 104477 | T35: 350000 | U35: 16354
A36: 45699 | B36: 2 | C36: 現金 | D36: 常年會費張美津 | G36: 4102 | H36: 4 | I36: 常年會費 | J36: 常年會費 | K36: 張美津 | L36: N | M36: 500 | O36: 500 | P36: 51505 | Q36: 471331 | R36: 454477 | S36: 104477 | T36: 350000 | U36: 16854
A37: 45699 | B37: 2 | C37: 現金 | D37: 常年會費江星樂 | G37: 4102 | H37: 4 | I37: 常年會費 | J37: 常年會費 | K37: 江星樂 | L37: N | M37: 500 | O37: 500 | P37: 52005 | Q37: 471831 | R37: 454477 | S37: 104477 | T37: 350000 | U37: 17354
A38: 45699 | B38: 2 | C38: 現金 | D38: 常年會費邱美玲 | G38: 4102 | H38: 4 | I38: 常年會費 | J38: 常年會費 | K38: 邱美玲 | L38: N | M38: 500 | O38: 500 | P38: 52505 | Q38: 472331 | R38: 454477 | S38: 104477 | T38: 350000 | U38: 17854
A39: 45699 | B39: 2 | C39: 現金 | D39: 常年會費邱建程 | G39: 4102 | H39: 4 | I39: 常年會費 | J39: 常年會費 | K39: 邱建程 | L39: N | M39: 500 | O39: 500 | P39: 53005 | Q39: 472831 | R39: 454477 | S39: 104477 | T39: 350000 | U39: 18354
A40: 45699 | B40: 2 | C40: 現金 | D40: 常年會費黃淑媛 | G40: 4102 | H40: 4 | I40: 常年會費 | J40: 常年會費 | K40: 黃淑媛 | L40: N | M40: 500 | O40: 500 | P40: 53505 | Q40: 473331 | R40: 454477 | S40: 104477 | T40: 350000 | U40: 18854
A41: 45699 | B41: 2 | C41: 現金 | D41: 貨車加油 | E41: 1140228001 | G41: 5211 | H41: 5 | I41: 材料費 | J41: 貨車加油 | K41: 張耀 | L41: N | N41: 809 | O41: -809 | P41: 52696 | Q41: 472522 | R41: 454477 | S41: 104477 | T41: 350000 | U41: 18045
A42: 45699 | B42: 2 | C42: 現金 | D42: 鋼角材 | E42: 1140228001 | G42: 5211 | H42: 5 | I42: 材料費 | J42: 鋼角材 | K42: 黃勝雄 | L42: N | N42: 7034 | O42: -7034 | P42: 45662 | Q42: 465488 | R42: 454477 | S42: 104477 | T42: 350000 | U42: 11011
A43: 45700 | B43: 2 | C43: 銀行 | D43: 常年會費趙麗卿 | G43: 4102 | H43: 4 | I43: 常年會費 | J43: 常年會費 | K43: 趙麗卿 | L43: N | M43: 500 | O43: 500 | P43: 46162 | Q43: 465988 | R43: 454977 | S43: 104977 | T43: 350000 | U43: 11011
A44: 45700 | B44: 2 | C44: 銀行 | D44: 常年會費黃清姚 +廖如月+蘇淑美 | G44: 4102 | H44: 4 | I44: 常年會費 | J44: 常年會費 | K44: 黃清姚 +廖如月+蘇淑美 | L44: N | M44: 500 | O44: 500 | P44: 46662 | Q44: 466488 | R44: 455477 | S44: 105477 | T44: 350000 | U44: 11011
A45: 45700 | B45: 2 | C45: 銀行 | D45: 常年會費黃清姚 +廖如月+蘇淑美 | G45: 4102 | H45: 4 | I45: 常年會費 | J45: 常年會費 | K45: 黃清姚 +廖如月+蘇淑美 | L45: N | M45: 500 | O45: 500 | P45: 47162 | Q45: 466988 | R45: 455977 | S45: 105977 | T45: 350000 | U45: 11011
A46: 45700 | B46: 2 | C46: 銀行 | D46: 常年會費黃清姚 +廖如月+蘇淑美 | G46: 4102 | H46: 4 | I46: 常年會費 | J46: 常年會費 | K46: 黃清姚 +廖如月+蘇淑美 | L46: N | M46: 500 | O46: 500 | P46: 47662 | Q46: 467488 | R46: 456477 | S46: 106477 | T46: 350000 | U46: 11011
A47: 45700 | B47: 2 | C47: 銀行 | D47: 常年會費楊鳳英+黃憲弘 | G47: 4102 | H47: 4 | I47: 常年會費 | J47: 常年會費 | K47: 楊鳳英+黃憲弘 | L47: N | M47: 500 | O47: 500 | P47: 48162 | Q47: 467988 | R47: 456977 | S47: 106977 | T47: 350000 | U47: 11011
A48: 45700 | B48: 2 | C48: 銀行 | D48: 常年會費楊鳳英+黃憲弘 | G48: 4102 | H48: 4 | I48: 常年會費 | J48: 常年會費 | K48: 楊鳳英+黃憲弘 | L48: N | M48: 500 | O48: 500 | P48: 48662 | Q48: 468488 | R48: 457477 | S48: 107477 | T48: 350000 | U48: 11011
A49: 45700 | B49: 2 | C49: 銀行 | D49: 常年會費陳蘭卿+余秀鳳 | G49: 4102 | H49: 4 | I49: 常年會費 | J49: 常年會費 | K49: 陳蘭卿+余秀鳳 | L49: N | M49: 500 | O49: 500 | P49: 49162 | Q49: 468988 | R49: 457977 | S49: 107977 | T49: 350000 | U49: 11011
A50: 45700 | B50: 2 | C50: 銀行 | D50: 常年會費陳蘭卿+余秀鳳 | G50: 4102 | H50: 4 | I50: 常年會費 | J50: 常年會費 | K50: 陳蘭卿+余秀鳳 | L50: N | M50: 500 | O50: 500 | P50: 49662 | Q50: 469488 | R50: 458477 | S50: 108477 | T50: 350000 | U50: 11011
A51: 45700 | B51: 2 | C51: 現金 | D51: 常年會費黃勝雄 | G51: 4102 | H51: 4 | I51: 常年會費 | J51: 常年會費 | K51: 黃勝雄 | L51: N | M51: 500 | O51: 500 | P51: 50162 | Q51: 469988 | R51: 458477 | S51: 108477 | T51: 350000 | U51: 11511
A52: 45700 | B52: 2 | C52: 現金 | D52: 常年會費游美雪 | G52: 4102 | H52: 4 | I52: 常年會費 | J52: 常年會費 | K52: 游美雪 | L52: N | M52: 500 | O52: 500 | P52: 50662 | Q52: 470488 | R52: 458477 | S52: 108477 | T52: 350000 | U52: 12011
A53: 45701 | B53: 2 | C53: 銀行 | D53: 常年會費陳錦媛 | G53: 4102 | H53: 4 | I53: 常年會費 | J53: 常年會費 | K53: 陳錦媛 | L53: N | M53: 500 | O53: 500 | P53: 51162 | Q53: 470988 | R53: 458977 | S53: 108977 | T53: 350000 | U53: 12011
A54: 45701 | B54: 2 | C54: 銀行 | D54: 常年會費古進欽 | E54: M1130093-古進欽-113已交 | G54: 4102 | H54: 4 | I54: 常年會費 | J54: 常年會費 | K54: 古進欽 | L54: N | M54: 500 | O54: 500 | P54: 51662 | Q54: 471488 | R54: 459477 | S54: 109477 | T54: 350000 | U54: 12011
A55: 45701 | B55: 2 | C55: 銀行 | D55: 常年會費古素錚 | G55: 4102 | H55: 4 | I55: 常年會費 | J55: 常年會費 | K55: 古素錚 | L55: N | M55: 500 | O55: 500 | P55: 52162 | Q55: 471988 | R55: 459977 | S55: 109977 | T55: 350000 | U55: 12011
A56: 45702 | B56: 2 | C56: 現金 | D56: 常年會費張松生 | G56: 4102 | H56: 4 | I56: 常年會費 | J56: 常年會費 | K56: 張松生 | L56: N | M56: 500 | O56: 500 | P56: 52662 | Q56: 472488 | R56: 459977 | S56: 109977 | T56: 350000 | U56: 12511
A57: 45702 | B57: 2 | C57: 現金 | D57: 常年會費鄭國華 | G57: 4102 | H57: 4 | I57: 常年會費 | J57: 常年會費 | K57: 鄭國華 | L57: N | M57: 500 | O57: 500 | P57: 53162 | Q57: 472988 | R57: 459977 | S57: 109977 | T57: 350000 | U57: 13011
A58: 45704 | B58: 2 | C58: 銀行 | D58: 常年會費劉妮雲 | G58: 4102 | H58: 4 | I58: 常年會費 | J58: 常年會費 | K58: 劉妮雲 | L58: N | M58: 500 | O58: 500 | P58: 53662 | Q58: 473488 | R58: 460477 | S58: 110477 | T58: 350000 | U58: 13011
A59: 45704 | B59: 2 | C59: 銀行 | D59: 常年會費謝世枋 | G59: 4102 | H59: 4 | I59: 常年會費 | J59: 常年會費 | K59: 謝世枋 | L59: N | M59: 500 | O59: 500 | P59: 54162 | Q59: 473988 | R59: 460977 | S59: 110977 | T59: 350000 | U59: 13011
A60: 45704 | B60: 2 | C60: 銀行 | D60: 常年會費尚業蘭 | G60: 4102 | H60: 4 | I60: 常年會費 | J60: 常年會費 | K60: 尚業蘭 | L60: N | M60: 500 | O60: 500 | P60: 54662 | Q60: 474488 | R60: 461477 | S60: 111477 | T60: 350000 | U60: 13011
A61: 45704 | B61: 2 | C61: 銀行 | D61: 常年會費楊玉瑛 | G61: 4102 | H61: 4 | I61: 常年會費 | J61: 常年會費 | K61: 楊玉瑛 | L61: N | M61: 500 | O61: 500 | P61: 55162 | Q61: 474988 | R61: 461977 | S61: 111977 | T61: 350000 | U61: 13011
A62: 45705 | B62: 2 | C62: 銀行 | D62: 常年會費項春蘭 | G62: 4102 | H62: 4 | I62: 常年會費 | J62: 常年會費 | K62: 項春蘭 | L62: N | M62: 500 | O62: 500 | P62: 55662 | Q62: 475488 | R62: 462477 | S62: 112477 | T62: 350000 | U62: 13011
A63: 45705 | B63: 2 | C63: 銀行 | D63: 常年會費綦由鳳 | G63: 4102 | H63: 4 | I63: 常年會費 | J63: 常年會費 | K63: 綦由鳳 | L63: N | M63: 500 | O63: 500 | P63: 56162 | Q63: 475988 | R63: 462977 | S63: 112977 | T63: 350000 | U63: 13011
A64: 45705 | B64: 2 | C64: 現金 | D64: 常年會費張耀 | G64: 4102 | H64: 4 | I64: 常年會費 | J64: 常年會費 | K64: 張耀 | L64: N | M64: 500 | O64: 500 | P64: 56662 | Q64: 476488 | R64: 462977 | S64: 112977 | T64: 350000 | U64: 13511
A65: 45705 | B65: 2 | C65: 現金 | D65: 常年會費曾秀錦 | G65: 4102 | H65: 4 | I65: 常年會費 | J65: 常年會費 | K65: 曾秀錦 | L65: N | M65: 500 | O65: 500 | P65: 57162 | Q65: 476988 | R65: 462977 | S65: 112977 | T65: 350000 | U65: 14011
A66: 45705 | B66: 2 | C66: 現金 | D66: 常年會費劉省 | G66: 4102 | H66: 4 | I66: 常年會費 | J66: 常年會費 | K66: 劉省 | L66: N | M66: 500 | O66: 500 | P66: 57662 | Q66: 477488 | R66: 462977 | S66: 112977 | T66: 350000 | U66: 14511
A67: 45705 | B67: 2 | C67: 現金 | D67: 常年會費吳錦芬 | G67: 4102 | H67: 4 | I67: 常年會費 | J67: 常年會費 | K67: 吳錦芬 | L67: N | M67: 500 | O67: 500 | P67: 58162 | Q67: 477988 | R67: 462977 | S67: 112977 | T67: 350000 | U67: 15011
A68: 45705 | B68: 2 | C68: 現金 | D68: 梯子 | E68: 1140228001 | G68: 5211 | H68: 5 | I68: 材料費 | J68: 梯子 | K68: 黃勝雄 | L68: N | N68: 1500 | O68: -1500 | P68: 56662 | Q68: 476488 | R68: 462977 | S68: 112977 | T68: 350000 | U68: 13511
A69: 45706 | B69: 2 | C69: 銀行 | D69: 常年會費彭月雲 | G69: 4102 | H69: 4 | I69: 常年會費 | J69: 常年會費 | K69: 彭月雲 | L69: N | M69: 500 | O69: 500 | P69: 57162 | Q69: 476988 | R69: 463477 | S69: 113477 | T69: 350000 | U69: 13511
A70: 45707 | B70: 2 | C70: 銀行 | D70: 常年會費楊麗珍 | G70: 4102 | H70: 4 | I70: 常年會費 | J70: 常年會費 | K70: 楊麗珍 | L70: N | M70: 500 | O70: 500 | P70: 57662 | Q70: 477488 | R70: 463977 | S70: 113977 | T70: 350000 | U70: 13511
A71: 45707 | B71: 2 | C71: 銀行 | D71: 常年會費吳季蓁 | G71: 4102 | H71: 4 | I71: 常年會費 | J71: 常年會費 | K71: 吳季蓁 | L71: N | M71: 500 | O71: 500 | P71: 58162 | Q71: 477988 | R71: 464477 | S71: 114477 | T71: 350000 | U71: 13511
A72: 45708 | B72: 2 | C72: 銀行 | D72: 存單利息 | E72: 存單利息 | G72: 4109 | H72: 4 | I72: 其他收入 | J72: 利息 | K72: 銀行 | L72: N | M72: 71 | O72: 71 | P72: 58233 | Q72: 478059 | R72: 464548 | S72: 114548 | T72: 350000 | U72: 13511
A73: 45708 | B73: 2 | C73: 銀行 | D73: 存單利息 | E73: 存單利息 | G73: 4109 | H73: 4 | I73: 其他收入 | J73: 利息 | K73: 銀行 | L73: N | M73: 71 | O73: 71 | P73: 58304 | Q73: 478130 | R73: 464619 | S73: 114619 | T73: 350000 | U73: 13511
A74: 45708 | B74: 2 | C74: 銀行 | D74: 常年會費黃雲朋 | G74: 4102 | H74: 4 | I74: 常年會費 | J74: 常年會費 | K74: 黃雲朋 | L74: N | M74: 500 | O74: 500 | P74: 58804 | Q74: 478630 | R74: 465119 | S74: 115119 | T74: 350000 | U74: 13511
A75: 45708 | B75: 2 | C75: 銀行 | D75: 常年會費黃恒心 | G75: 4102 | H75: 4 | I75: 常年會費 | J75: 常年會費 | K75: 黃恆心 | L75: N | M75: 500 | O75: 500 | P75: 59304 | Q75: 479130 | R75: 465619 | S75: 115619 | T75: 350000 | U75: 13511
A76: 45708 | B76: 2 | C76: 現金 | D76: 螺絲+石英砂 | E76: 1140228001 | G76: 5211 | H76: 5 | I76: 材料費 | J76: 螺絲+石英砂 | K76: 楊淑英 | L76: N | N76: 390 | O76: -390 | P76: 58914 | Q76: 478740 | R76: 465619 | S76: 115619 | T76: 350000 | U76: 13121
A77: 45708 | B77: 2 | C77: 現金 | D77: 浪板C鋼耐力板 | E77: 1140228001 | G77: 5211 | H77: 5 | I77: 材料費 | J77: 浪板C鋼耐力板 | K77: 楊淑英 | L77: N | N77: 17686 | O77: -17686 | P77: 41228 | Q77: 461054 | R77: 465619 | S77: 115619 | T77: 350000 | U77: -4565
A78: 45709 | B78: 2 | C78: 銀行 | D78: 常年會費陳秀蓮 | G78: 4102 | H78: 4 | I78: 常年會費 | J78: 常年會費 | K78: 陳秀蓮 | L78: N | M78: 500 | O78: 500 | P78: 41728 | Q78: 461554 | R78: 466119 | S78: 116119 | T78: 350000 | U78: -4565
A79: 45710 | B79: 2 | C79: 現金 | D79: 五金 | E79: 1140228001 | G79: 5211 | H79: 5 | I79: 材料費 | J79: 五金 | K79: 楊淑英 | L79: N | N79: 45 | O79: -45 | P79: 41683 | Q79: 461509 | R79: 466119 | S79: 116119 | T79: 350000 | U79: -4610
A80: 45712 | B80: 2 | C80: 現金 | D80: 常年會費陳建泰 | G80: 4102 | H80: 4 | I80: 常年會費 | J80: 常年會費 | K80: 陳建泰 | L80: N | M80: 500 | O80: 500 | P80: 42183 | Q80: 462009 | R80: 466119 | S80: 116119 | T80: 350000 | U80: -4110
A81: 45712 | B81: 3 | C81: 現金 | D81: 常年會費陳正然 | G81: 4102 | H81: 4 | I81: 常年會費 | J81: 常年會費 | K81: 陳正然 | L81: N | M81: 500 | O81: 500 | P81: 42683 | Q81: 462509 | R81: 466119 | S81: 116119 | T81: 350000 | U81: -3610
A82: 45712 | B82: 3 | C82: 現金 | D82: 常年會費夏靜漪 | G82: 4102 | H82: 4 | I82: 常年會費 | J82: 常年會費 | K82: 夏靜漪 | L82: N | M82: 500 | O82: 500 | P82: 43183 | Q82: 463009 | R82: 466119 | S82: 116119 | T82: 350000 | U82: -3110
A83: 45712 | B83: 2 | C83: 現金 | D83: 五金 | E83: 1140228001 | G83: 5211 | H83: 5 | I83: 材料費 | J83: 五金 | K83: 楊淑英 | L83: N | N83: 40 | O83: -40 | P83: 43143 | Q83: 462969 | R83: 466119 | S83: 116119 | T83: 350000 | U83: -3150
A84: 45712 | B84: 2 | C84: 現金 | D84: 五金 | E84: 1140228001 | G84: 5211 | H84: 5 | I84: 材料費 | J84: 五金 | K84: 黃勝雄 | L84: N | N84: 230 | O84: -230 | P84: 42913 | Q84: 462739 | R84: 466119 | S84: 116119 | T84: 350000 | U84: -3380
A85: 45712 | B85: 2 | C85: 現金 | D85: 五金 | E85: 1140228001 | G85: 5211 | H85: 5 | I85: 材料費 | J85: 五金 | K85: 楊淑英 | L85: N | N85: 390 | O85: -390 | P85: 42523 | Q85: 462349 | R85: 466119 | S85: 116119 | T85: 350000 | U85: -3770
A86: 45715 | B86: 2 | C86: 現金 | D86: 常年會費謝蕙苓 | G86: 4102 | H86: 4 | I86: 常年會費 | J86: 常年會費 | K86: 謝蕙苓 | L86: N | M86: 500 | O86: 500 | P86: 43023 | Q86: 462849 | R86: 466119 | S86: 116119 | T86: 350000 | U86: -3270
A87: 45719 | B87: 3 | C87: 現金 | D87: 常年會費李清煌 | G87: 4102 | H87: 4 | I87: 常年會費 | J87: 常年會費 | K87: 李清煌 | L87: N | M87: 500 | O87: 500 | P87: 43523 | Q87: 463349 | R87: 466119 | S87: 116119 | T87: 350000 | U87: -2770
A88: 45719 | B88: 3 | C88: 現金 | D88: 理監事會議午餐 | E88: 1140315001 | G88: 5211 | H88: 5 | I88: 材料費 | J88: 理監事會議午餐 | K88: 楊淑英 | L88: N | N88: 1600 | O88: -1600 | P88: 41923 | Q88: 461749 | R88: 466119 | S88: 116119 | T88: 350000 | U88: -4370
A89: 45719 | B89: 3 | C89: 現金 | D89: 常年會費陳美蓉 | G89: 4102 | H89: 4 | I89: 常年會費 | J89: 常年會費 | K89: 陳美蓉 | L89: N | M89: 500 | O89: 500 | P89: 42423 | Q89: 462249 | R89: 466119 | S89: 116119 | T89: 350000 | U89: -3870
A90: 45719 | B90: 3 | C90: 銀行 | D90: 活存轉出 | G90: 9999 | H90: 9 | I90: 活存轉出 | J90: 活存轉出 | K90: 柏雅玲 | L90: N | N90: 50000 | O90: -50000 | P90: -7577 | Q90: 412249 | R90: 416119 | S90: 66119 | T90: 350000 | U90: -3870
A91: 45719 | B91: 3 | C91: 現金 | D91: 現金轉入 | G91: 9999 | H91: 9 | I91: 現金轉入 | J91: 現金轉入 | K91: 楊淑英 | L91: N | M91: 50000 | O91: 50000 | P91: 42423 | Q91: 462249 | R91: 416119 | S91: 66119 | T91: 350000 | U91: 46130
A92: 45720 | B92: 3 | C92: 銀行 | D92: 常年會費葉淑玲 | G92: 4102 | H92: 4 | I92: 常年會費 | J92: 常年會費 | K92: 葉淑玲 | L92: N | M92: 500 | O92: 500 | P92: 42923 | Q92: 462749 | R92: 416619 | S92: 66619 | T92: 350000 | U92: 46130
A93: 45720 | B93: 3 | C93: 現金 | D93: 常年會費劉孟達 | G93: 4102 | H93: 4 | I93: 常年會費 | J93: 常年會費 | K93: 劉孟達 | L93: N | M93: 500 | O93: 500 | P93: 43423 | Q93: 463249 | R93: 416619 | S93: 66619 | T93: 350000 | U93: 46630
A94: 45720 | B94: 3 | C94: 現金 | D94: 常年會費葉明芳 | G94: 4102 | H94: 4 | I94: 常年會費 | J94: 常年會費 | K94: 葉明芳 | L94: N | M94: 500 | O94: 500 | P94: 43923 | Q94: 463749 | R94: 416619 | S94: 66619 | T94: 350000 | U94: 47130
A95: 45722 | B95: 3 | C95: 銀行 | D95: 存單利息 | E95: 存單利息 | G95: 4109 | H95: 4 | I95: 其他收入 | J95: 利息 | K95: 銀行 | L95: N | M95: 70 | O95: 70 | P95: 43993 | Q95: 463819 | R95: 416689 | S95: 66689 | T95: 350000 | U95: 47130
A96: 45727 | B96: 3 | C96: 銀行 | D96: 存單利息 | E96: 存單利息 | G96: 4109 | H96: 4 | I96: 其他收入 | J96: 利息 | K96: 銀行 | L96: N | M96: 66 | O96: 66 | P96: 44059 | Q96: 463885 | R96: 416755 | S96: 66755 | T96: 350000 | U96: 47130
A97: 45727 | B97: 3 | C97: 銀行 | D97: 存單利息 | E97: 存單利息 | G97: 4109 | H97: 4 | I97: 其他收入 | J97: 利息 | K97: 銀行 | L97: N | M97: 66 | O97: 66 | P97: 44125 | Q97: 463951 | R97: 416821 | S97: 66821 | T97: 350000 | U97: 47130
A98: 45727 | B98: 3 | C98: 銀行 | D98: 存單利息 | E98: 存單利息 | G98: 4109 | H98: 4 | I98: 其他收入 | J98: 利息 | K98: 銀行 | L98: N | M98: 66 | O98: 66 | P98: 44191 | Q98: 464017 | R98: 416887 | S98: 66887 | T98: 350000 | U98: 47130
A99: 45727 | B99: 3 | C99: 銀行 | D99: 存單利息 | E99: 存單利息 | G99: 4109 | H99: 4 | I99: 其他收入 | J99: 利息 | K99: 銀行 | L99: N | M99: 70 | O99: 70 | P99: 44261 | Q99: 464087 | R99: 416957 | S99: 66957 | T99: 350000 | U99: 47130
A100: 45735 | B100: 3 | C100: 現金 | D100: 常年會費莊信德 | G100: 4102 | H100: 4 | I100: 常年會費 | J100: 常年會費 | K100: 莊信德 | L100: N | M100: 500 | O100: 500 | P100: 44761 | Q100: 464587 | R100: 416957 | S100: 66957 | T100: 350000 | U100: 47630
A101: 45736 | B101: 3 | C101: 銀行 | D101: 存單利息 | E101: 存單利息 | G101: 4109 | H101: 4 | I101: 其他收入 | J101: 利息 | K101: 銀行 | L101: N | M101: 71 | O101: 71 | P101: 44832 | Q101: 464658 | R101: 417028 | S101: 67028 | T101: 350000 | U101: 47630
...

Sheet 114預算數
A1: 臺灣社區協力農業協會
A2: 損益表
A3: 114.1.1~114.12.31
A5: 科目 | E5: 114預算數 | F5: 說明
A6: 款 | B6: 項 | C6: 目 | D6: 科目
A7: 一 | D7: 本會收入 | E7: =SUM(E8:E12) -> 289200
C8: 1 | D8: 入會費 | E8: 2000 | F8: 新會員4人
C9: 2 | D9: 常年會費 | E9: 45000 | F9: 預估繳交會費90人
C10: 3 | D10: 會員捐款 | E10: 50000
C11: 4 | D11: 補助收入 | E11: 190000 | F11: 雜草計畫扣除營業稅後
C12: 5 | D12: 其他收入 | E12: 2200 | F12: 利息收入
A14: 二 | D14: 本會支出 | E14: =E15+E17+E20 -> 277500
B15: 一 | D15: 人事費 | E15: =SUM(E16:E16) -> 165000
C16: 1 | D16: 其他人事費 | E16: 165000 | F16: 主係計畫人事費
B17: 二 | D17: 辦公費 | E17: =SUM(E18:E19) -> 2500
C18: 1 | D18: 文具、印刷費 | E18: 2000
C19: 2 | D19: 郵電費 | E19: 500
B20: 三 | D20: 業務費 | E20: =SUM(E21:E24) -> 110000
C21: 1 | D21: 材料費 | E21: 85000 | F21: 主係雜草計畫材料費
C22: 2 | D22: 聯誼活動費 | E22: 10000
C23: 3 | D23: 其他業務費 | E23: 10000 | F23: 會計師公費
C24: 4 | D24: 其他 | E24: 5000
A25: 三 | D25: 本期損益 | E25: =E7-E14 -> 11700

Sheet 收支決算表
A1: 114年度經費收支決算表
A3: 科目 | E3: 實際決算數 | F3: 114預算數 | G3: 決算與預算比較數 | H3: 說明
A4: 款 | B4: 項 | C4: 目 | D4: 科目
A5: 一 | D5: 本會收入 | E5: 340334 | F5: 289200 | G5: =E5-F5 -> 51134
C6: 1 | D6: 入會費 | E6: 0 | F6: 2000 | G6: =E6-F6 -> -2000
C7: 2 | D7: 常年會費 | E7: 42000 | F7: 45000 | G7: =E7-F7 -> -3000
C8: 3 | D8: 捐款 | E8: 73677 | F8: 50000 | G8: =E8-F8 -> 23677
C9: 4 | D9: 補助收入 | E9: 219032 | F9: 190000 | G9: =E9-F9 -> 29032 | H9: 雜草計畫
C10: 5 | D10: 其他收入 | E10: 5625 | F10: 2200 | G10: =E10-F10 -> 3425
A11: 二 | D11: 本會支出 | E11: 293743 | F11: 277500 | G11: =E11-F11 -> 16243
B12: 一 | D12: 人事費 | E12: 178700 | F12: 165000 | G12: =E12-F12 -> 13700
C13: 1 | D13: 其他人事費 | E13: 178700 | F13: 165000 | G13: =E13-F13 -> 13700 | H13: 主係計畫人事費和CSA研討會
B14: 二 | D14: 辦公費 | E14: 80 | F14: 2500 | G14: =E14-F14 -> -2420
C15: 1 | D15: 文具、印刷費 | E15: 0 | F15: 2000 | G15: =E15-F15 -> -2000
C16: 2 | D16: 郵電費 | E16: 80 | F16: 500 | G16: =E16-F16 -> -420
B17: 三 | D17: 業務費 | E17: 106483 | F17: 110000 | G17: =E17-F17 -> -3517
C18: 1 | D18: 材料費 | E18: 94963 | F18: 85000 | G18: =E18-F18 -> 9963
C19: 2 | D19: 聯誼活動費 | E19: 0 | F19: 10000 | G19: =E19-F19 -> -10000
C20: 3 | D20: 其他辦公費 | E20: 10000 | F20: 10000 | G20: =E20-F20 -> 0 | H20: 會計師公費
C21: 4 | D21: 其他 | E21: 1520 | F21: 5000 | G21: =E21-F21 -> -3480
B22: 四 | D22: 提撥基金 | E22: 10000 | F22: 10000 | G22: =E22-F22 -> 0
D23: 本期損益 | E23: 45071 | F23: 11700 | G23: =E23-F23 -> 33371

Sheet 扣繳憑單
Q1: 扣繳憑單申報
Q3: 姓名 | R3: 金額 | S3: 身分證字號 | T3: 通訊地址
A4: 日期 | B4: 月 | C4: 類別 | D4: 內容 | E4: 單據編號 | F4: 單據項次 | G4: 科目代號 | H4: Type | I4: 科目名稱 | J4: 報表內容 | K4: 收/請款人 | L4: 類別2 | M4: 收入 | N4: 支出 | Q4: 王智屏 | R4: 4000 | S4: J222119509 | T4: 台中市大里區美村街20巷13弄4號
A5: 45787 | B5: 5 | C5: 現金 | D5: 工作人員今天陳建泰文宣6000元，113年11月 | E5: 1140514001 | G5: 5107 | H5: 5 | I5: 其他人事費 | J5: 工作人員薪資 | K5: 陳建泰 | L5: N | N5: 6000 | Q5: 何嘉祿 | R5: 4000 | S5: P120600189 | T5: 雲林土庫光明路273号
A6: 45787 | B6: 5 | C6: 現金 | D6: 工作人員津貼會計雅玲12000元，2025/4/30 | E6: 1140514001 | G6: 5107 | H6: 5 | I6: 其他人事費 | J6: 工作人員薪資 | K6: 柏雅玲 | L6: N | N6: 12000 | Q6: 李寶華 | R6: 4000 | S6: J220021980 | T6: 新竹市園後街89巷3弄32号2F
A7: 45787 | B7: 5 | C7: 現金 | D7: 工作人員津貼會務中3000元 | E7: 1140514001 | G7: 5107 | H7: 5 | I7: 其他人事費 | J7: 工作人員薪資 | K7: 林昱妡 | L7: N | N7: 3000 | Q7: 林秀映 | R7: 6950 | S7: N220615458 | T7: 新竹市北區南雅街311巷20弄31號
A8: 45964 | B8: 11 | C8: 現金 | D8: 工作人員津貼(114年5月-114年10月)-文宣組 | E8: 1141103001 | G8: 5107 | H8: 5 | I8: 其他人事費 | J8: 工作人員薪資 | K8: 陳建泰 | L8: N | N8: 6000 | Q8: 林昱妡 | R8: 3000 | S8: J221528951 | T8: 臺灣省新竹市北區康樂里9鄰東大路三段 269巷5之2號
A9: 45964 | B9: 11 | C9: 現金 | D9: 工作人員津貼(114年5月-114年10月)-會計 | E9: 1141103001 | G9: 5107 | H9: 5 | I9: 其他人事費 | J9: 工作人員薪資 | K9: 柏雅玲 | L9: N | N9: 12000 | Q9: 邱建程 | R9: 6375 | S9: E121142811 | T9: 新竹縣竹北市仁義路16巷19號
A10: 45964 | B10: 11 | C10: 現金 | D10: 工作人員津貼(114年5月-114年10月)-攝影組 | E10: 1141103001 | G10: 5107 | H10: 5 | I10: 其他人事費 | J10: 工作人員薪資 | K10: 楊淑英 | L10: N | N10: 3000 | Q10: 邱美玲 | R10: 2475 | S10: K220540070 | T10: 新竹市武陵路175巷15號9樓之5
A11: 46017 | B11: 12 | C11: 現金 | D11: 講師費/工作人員 | G11: 5107 | H11: 5 | I11: 其他人事費 | J11: 雜草計畫-2025 | K11: 邱美玲 | L11: N | N11: 2475 | Q11: 柏雅玲 | R11: 28500 | S11: T220033040 | T11: 臺灣省新竹市東區光復路一段 525巷65號六樓 之1
A12: 46017 | B12: 12 | C12: 現金 | D12: 講師費/工作人員 | G12: 5107 | H12: 5 | I12: 其他人事費 | J12: 雜草計畫-2025 | K12: 王智屏 | L12: N | N12: 4000 | Q12: 翁義成 | R12: 4000 | S12: Y120249085 | T12: 新北市淡水區崁頂里5鄰新市一路一段
A13: 46017 | B13: 12 | C13: 現金 | D13: 講師費/工作人員 | G13: 5107 | H13: 5 | I13: 其他人事費 | J13: 雜草計畫-2025 | K13: 何嘉祿 | L13: N | N13: 4000 | Q13: 張松生 | R13: 22075 | S13: K120965057 | T13: 苗栗縣造橋鄉談文村4鄰15號
A14: 46017 | B14: 12 | C14: 現金 | D14: 講師費/工作人員 | G14: 5107 | H14: 5 | I14: 其他人事費 | J14: 雜草計畫-2025 | K14: 李寶華 | L14: N | N14: 4000 | Q14: 張耀 | R14: 5400 | S14: A128959007 | T14: 新竹市東區林森路196號6樓之1
A15: 46017 | B15: 12 | C15: 現金 | D15: 講師費/工作人員 | G15: 5107 | H15: 5 | I15: 其他人事費 | J15: 雜草計畫-2025 | K15: 林秀映 | L15: N | N15: 6950 | Q15: 陳建泰 | R15: 37600 | S15: L121616099 | T15: 臺灣省臺中市大肚區永順里8鄰文昌路二段506巷162弄16號
A16: 46017 | B16: 12 | C16: 現金 | D16: 講師費/工作人員 | G16: 5107 | H16: 5 | I16: 其他人事費 | J16: 雜草計畫-2025 | K16: 邱建程 | L16: N | N16: 6375 | Q16: 陳韻瑛 | R16: 4950 | S16: J220384651 | T16: 臺灣省新竹市高翠路277巷2弄39號
A17: 46017 | B17: 12 | C17: 現金 | D17: 講師費/工作人員 | G17: 5107 | H17: 5 | I17: 其他人事費 | J17: 雜草計畫-2025 | K17: 柏雅玲 | L17: N | N17: 4500 | Q17: 游美雪 | R17: 7625 | S17: G220780277 | T17: 臺灣省新竹市北區金竹里16鄰金竹路118巷63弄5號
A18: 46017 | B18: 12 | C18: 現金 | D18: 講師費/工作人員 | G18: 5107 | H18: 5 | I18: 其他人事費 | J18: 雜草計畫-2025 | K18: 翁義成 | L18: N | N18: 4000 | Q18: 黃淑媛 | R18: 1200 | S18: J220113312 | T18: 新竹市湳中街68巷54號
A19: 46017 | B19: 12 | C19: 現金 | D19: 講師費/工作人員 | G19: 5107 | H19: 5 | I19: 其他人事費 | J19: 雜草計畫-2025 | K19: 張松生 | L19: N | N19: 22075 | Q19: 黃勝雄 | R19: 4725 | S19: F120579253 | T19: 新竹市光復路二段307號2樓
A20: 46017 | B20: 12 | C20: 現金 | D20: 講師費/工作人員 | G20: 5107 | H20: 5 | I20: 其他人事費 | J20: 雜草計畫-2025 | K20: 張耀 | L20: N | N20: 5400 | Q20: 楊淑英 | R20: 11175 | S20: J221112319 | T20: 新竹市海埔路32號
A21: 46017 | B21: 12 | C21: 現金 | D21: 講師費/工作人員 | G21: 5107 | H21: 5 | I21: 其他人事費 | J21: 雜草計畫-2025 | K21: 陳建泰 | L21: N | N21: 25600 | Q21: 楊麗珍 | R21: 1500 | S21: U220314596 | T21: 新竹市東大路一段131號3樓
A22: 46017 | B22: 12 | C22: 現金 | D22: 講師費/工作人員 | G22: 5107 | H22: 5 | I22: 其他人事費 | J22: 雜草計畫-2025 | K22: 陳韻瑛 | L22: N | N22: 4950 | Q22: 劉省 | R22: 2400 | S22: N220862288 | T22: 新竹市水源里原興路358號
A23: 46017 | B23: 12 | C23: 現金 | D23: 講師費/工作人員 | G23: 5107 | H23: 5 | I23: 其他人事費 | J23: 雜草計畫-2025 | K23: 游美雪 | L23: N | N23: 7625 | Q23: 賴敏慧 | R23: 16750 | S23: D220241576 | T23: 臺灣省新竹市東區高翠路162巷55弄2號
A24: 46017 | B24: 12 | C24: 現金 | D24: 講師費/工作人員 | G24: 5107 | H24: 5 | I24: 其他人事費 | J24: 雜草計畫-2025 | K24: 黃淑媛 | L24: N | N24: 1200
A25: 46017 | B25: 12 | C25: 現金 | D25: 講師費/工作人員 | G25: 5107 | H25: 5 | I25: 其他人事費 | J25: 雜草計畫-2025 | K25: 黃勝雄 | L25: N | N25: 4725
A26: 46017 | B26: 12 | C26: 現金 | D26: 講師費/工作人員 | G26: 5107 | H26: 5 | I26: 其他人事費 | J26: 雜草計畫-2025 | K26: 楊淑英 | L26: N | N26: 8175
A27: 46017 | B27: 12 | C27: 現金 | D27: 講師費/工作人員 | G27: 5107 | H27: 5 | I27: 其他人事費 | J27: 雜草計畫-2025 | K27: 楊麗珍 | L27: N | N27: 1500
A28: 46017 | B28: 12 | C28: 現金 | D28: 講師費/工作人員 | G28: 5107 | H28: 5 | I28: 其他人事費 | J28: 雜草計畫-2025 | K28: 劉省 | L28: N | N28: 2400
A29: 46017 | B29: 12 | C29: 現金 | D29: 講師費/工作人員 | G29: 5107 | H29: 5 | I29: 其他人事費 | J29: 雜草計畫-2025 | K29: 賴敏慧 | L29: N | N29: 16750

Sheet 損益表1
K1: N | L1: Y
B2: 114/1/1-114/12/31 | I2: 科目代號 | J2: 科目名稱 | K2: 免稅 | L2: 應稅 | M2: 合計
A3: 科目 | E3: 免稅 | F3: 應稅 | G3: 實際決算數 | J3: 期初結存
A4: 款 | B4: 項 | C4: 目 | D4: 科目 | I4: 4102 | J4: 常年會費 | K4: =SUMIFS(帳冊1!O:O,帳冊1!G:G,I4,帳冊1!L:L,K1) -> 42000 | L4: =SUMIFS(帳冊1!O:O,帳冊1!G:G,I4,帳冊1!L:L,L1) -> 0 | M4: =SUM(損益表1!K4:L4) -> 42000
A5: 一 | D5: 本會收入 | E5: =SUM(E6:E10) -> 121302 | F5: =SUM(F6:F10) -> 219032 | G5: =SUM(E5:F5) -> 340334 | I5: 4104 | J5: 捐款 | K5: =SUMIFS(帳冊1!O:O,帳冊1!G:G,I5,帳冊1!L:L,K1) -> 73677 | L5: =SUMIFS(帳冊1!O:O,帳冊1!G:G,I5,帳冊1!L:L,L1) -> 0 | M5: =SUM(損益表1!K5:L5) -> 73677
C6: 1 | D6: 入會費 | G6: =SUM(E6:F6) -> 0 | I6: 4105 | J6: 補助收入 | K6: =SUMIFS(帳冊1!O:O,帳冊1!G:G,I6,帳冊1!L:L,K1) -> 0 | L6: =SUMIFS(帳冊1!O:O,帳冊1!G:G,I6,帳冊1!L:L,L1) -> 219032 | M6: =SUM(損益表1!K6:L6) -> 219032
C7: 2 | D7: 常年會費 | E7: 42000 | F7: 0 | G7: =SUM(E7:F7) -> 42000 | I7: 4109 | J7: 其他收入 | K7: =SUMIFS(帳冊1!O:O,帳冊1!G:G,I7,帳冊1!L:L,K1) -> 5625 | L7: =SUMIFS(帳冊1!O:O,帳冊1!G:G,I7,帳冊1!L:L,L1) -> 0 | M7: =SUM(損益表1!K7:L7) -> 5625
C8: 3 | D8: 捐款 | E8: 73677 | F8: 0 | G8: =SUM(E8:F8) -> 73677 | I8: 5107 | J8: 其他人事費 | K8: =SUMIFS(帳冊1!O:O,帳冊1!G:G,I8,帳冊1!L:L,K1) -> -42000 | L8: =SUMIFS(帳冊1!O:O,帳冊1!G:G,I8,帳冊1!L:L,L1) -> -136700 | M8: =SUM(損益表1!K8:L8) -> -178700
C9: 4 | D9: 補助收入 | E9: 0 | F9: 219032 | G9: =SUM(E9:F9) -> 219032 | I9: 5205 | J9: 郵電費 | K9: =SUMIFS(帳冊1!O:O,帳冊1!G:G,I9,帳冊1!L:L,K1) -> -80 | L9: =SUMIFS(帳冊1!O:O,帳冊1!G:G,I9,帳冊1!L:L,L1) -> 0 | M9: =SUM(損益表1!K9:L9) -> -80
C10: 5 | D10: 利息收入 | E10: 5625 | F10: 0 | G10: =SUM(E10:F10) -> 5625 | I10: 5211 | J10: 材料費 | K10: =SUMIFS(帳冊1!O:O,帳冊1!G:G,I10,帳冊1!L:L,K1) -> -24663 | L10: =SUMIFS(帳冊1!O:O,帳冊1!G:G,I10,帳冊1!L:L,L1) -> -70300 | M10: =SUM(損益表1!K10:L10) -> -94963
I11: 5212 | J11: 其他辦公費 | K11: =SUMIFS(帳冊1!O:O,帳冊1!G:G,I11,帳冊1!L:L,K1) -> -10000 | L11: =SUMIFS(帳冊1!O:O,帳冊1!G:G,I11,帳冊1!L:L,L1) -> 0 | M11: =SUM(損益表1!K11:L11) -> -10000
A12: 二 | D12: 本會支出 | E12: =E13+E17+E21+E27 -> 88263 | F12: =F13+F17+F21+F27 -> 207000 | G12: =SUM(E12:F12) -> 295263 | I12: 5800 | J12: 雜項支出 | K12: =SUMIFS(帳冊1!O:O,帳冊1!G:G,I12,帳冊1!L:L,K1) -> -1520 | L12: =SUMIFS(帳冊1!O:O,帳冊1!G:G,I12,帳冊1!L:L,L1) -> 0 | M12: =SUM(損益表1!K12:L12) -> -1520
B13: 一 | D13: 人事費 | E13: =SUM(E14:E15) -> 42000 | F13: =SUM(F14:F15) -> 136700 | G13: =SUM(E13:F13) -> 178700 | I13: 9999 | J13: 還款 | K13: =SUMIFS(帳冊1!O:O,帳冊1!G:G,I13,帳冊1!L:L,K1) -> 0 | L13: =SUMIFS(帳冊1!O:O,帳冊1!G:G,I13,帳冊1!L:L,L1) -> 0 | M13: =SUM(損益表1!K13:L13) -> 0
C14: 1 | D14: 員工薪給 | G14: =SUM(E14:F14) -> 0 | I14: 科目代號 | J14: 科目名稱 | K14: =SUMIFS(帳冊1!O:O,帳冊1!G:G,I14,帳冊1!L:L,K1) -> 0 | L14: =SUMIFS(帳冊1!O:O,帳冊1!G:G,I14,帳冊1!L:L,L1) -> 0 | M14: =SUM(損益表1!K14:L14) -> 0
C15: 2 | D15: 其他人事費 | E15: 42000 | F15: 136700 | G15: =SUM(E15:F15) -> 178700 | J15: 期末結存
I16: 1100 | J16: 現金
B17: 二 | D17: 辦公費 | E17: =SUM(E18:E19) -> 80 | F17: =SUM(F18:F19) -> 0 | G17: =SUM(E17:F17) -> 80 | I17: 1101 | J17: 零用金
C18: 1 | D18: 文具、印刷費 | E18: 0 | F18: 0 | G18: =SUM(E18:F18) -> 0 | I18: 1102 | J18: 銀行存款
C19: 2 | D19: 郵電費 | E19: 80 | F19: 0 | G19: =SUM(E19:F19) -> 80 | I19: 3100 | J19: 基金
I20: 3202 | J20: 本期餘絀
B21: 三 | D21: 業務費 | E21: =SUM(E22:E25) -> 36183 | F21: =SUM(F22:F25) -> 70300 | G21: =SUM(E21:F21) -> 106483 | I21: 4101 | J21: 入會費
C22: 1 | D22: 材料費 | E22: 24663 | F22: 70300 | G22: =SUM(E22:F22) -> 94963
C23: 2 | D23: 聯誼活動費 | E23: 0 | F23: 0 | G23: =SUM(E23:F23) -> 0
C24: 3 | D24: 其他辦公費 | E24: 10000 | F24: 0 | G24: =SUM(E24:F24) -> 10000
C25: 4 | D25: 其他 | E25: 1520 | G25: =SUM(E25:F25) -> 1520
B27: 四 | D27: 提撥基金 | E27: =基金收支表1!C10 -> 10000 | G27: =SUM(E27:F27) -> 10000
A28: 三 | D28: 本期損益 | E28: =E5-E12 -> 33039 | F28: =F5-F12 -> 12032 | G28: =SUM(E28:F28) -> 45071

Sheet 資產負債表1
B2: 臺灣社區協力農業協會
B3: 資產負債表
B4: 114/12/31
E5: 單位:新台幣元
B6: 科目名稱 | C6: 金額 | D6: 科目名稱 | E6: 金額
B7: 銀行存款 | C7: =C17 -> 95628 | D7: 預收款項
B8: 零用金 | C8: =C15 -> 29269 | D8: 準備基金 | E8: 70000 | F8: (含今年，114年。)
B9: 定期存款 | C9: =C18 -> 350000 | D9: 前期餘絀 | E9: 359826
D10: 本期餘絀 | E10: =損益表1!G5-損益表1!G12 -> 45071
B12: 合計 | C12: =SUM(C7:C10) -> 474897 | D12: 合計 | E12: =SUM(E7:E10) -> 474897
B14: 113.12.31.零用金 | C14: 11525
B15: 114.12.31.零用金 | C15: 29269
B16: 114零用金支出合計 | C16: 17744
B17: 協會本期銀行活存 | C17: 95628
B18: 協會本期銀行定存 | C18: 350000
B19: 協會前期銀行活存 | C19: 58301

Sheet 現金出納表1
B2: 臺灣社區協力農業協會
B3: 現金出納表
B4: 114/12/31
E5: 單位:新台幣元
B6: 收入 | D6: 支出
B7: 科目名稱 | C7: 金額 | D7: 科目名稱 | E7: 金額
B8: 上期結存 | C8: 58301 | D8: 本期支出 | E8: =損益表1!G12+C16+資產負債表1!E7-基金收支表1!C10 -> 303007 | F8: =損益表1!G12 -> 295263 | G8: =C16 -> 17744 | H8: =資產負債表1!E7 -> 0 | I8: =基金收支表1!C10 -> 10000
B9: 本期收入 | C9: 340334 | D9: 本期結存 | E9: 95628 | F9: 114.12.31玉山銀行活存餘額
B10: 合計 | C10: =SUM(C8:C9) -> 398635 | D10: 合計 | E10: =SUM(E8:E9) -> 398635
B13: 114零用金合計
B14: 114.1.1.零用金 | C14: 11525
B15: 114.12.31.零用金 | C15: 29269
B16: 114零用金支出合計 | C16: 17744
B17: 協會本期銀行活存 | C17: 95628
B18: 協會本期銀行定存 | C18: 350000
B19: 協會前期銀行活存 | C19: 58301

Sheet 財產目錄1
B2: 臺灣社區協力農業協會
B3: 財產目錄
B4: 114/12/31
L5: 單位:新台幣元
B6: 財產編號 | C6: 會計科目 | D6: 財產名稱 | E6: 購置日期 | F6: 單位 | G6: 數量 | H6: 原值 | I6: 折舊本年數 | J6: 累計折舊 | K6: 存放地點 | L6: 說明
B7: 無

Sheet 基金收支表1
B2: 臺灣社區協力農業協會
B3: 基金收支表
B4: 114/12/31
E5: 單位:新台幣元
B6: 收入 | D6: 支出
B7: 科目名稱 | C7: 金額 | D7: 科目名稱 | E7: 金額
B8: 準備基金 | D8: 準備基金 | E8: =C9+C10 -> 70000
B9: 歷年累存 | C9: =資產負債表1!E8-10000 -> 60000
B10: 本年度提撥 | C10: 10000
D12: 結餘 | E12: =E8 -> 70000

Sheet 12.31存摺金額
B1: 臺灣社區協力農業協會12.31存摺金額

Sheet 捐款+名單1
B2: 臺灣社區協力農業協會 | G2: 日期 | H2: 月 | I2: 類別 | J2: 內容 | K2: 單據編號 | L2: 單據項次 | M2: 科目代號 | N2: Type | O2: 科目名稱 | P2: 報表內容 | Q2: 收/請款人 | R2: 類別2 | S2: 收入 | T2: 支出
B3: 捐款明細表 | G3: 45748 | H3: 4 | I3: 銀行 | J3: ＡＴＭ跨行轉 | M3: 4104 | N3: 4 | O3: 捐款 | P3: 捐款 | Q3: 劉妮雲 | R3: N | S3: 500
B4: 114/1/1-114/12/31 | G4: 45787 | H4: 5 | I4: 現金 | J4: 江局長江盛任捐款收入500元 | L4: 收據-1140001 | M4: 4104 | N4: 4 | O4: 捐款 | P4: 江局長江盛任捐款收入500元 | Q4: 江盛任 | R4: N | S4: 500
C5: 單位:新台幣元 | G5: 45853 | H5: 7 | I5: 現金 | J5: 113年7-12月合作農場回饋金 | M5: 4104 | N5: 4 | O5: 捐款 | P5: 回饋金 | Q5: 林秀映 | R5: N | S5: 9452
G6: 45894 | H6: 8 | I6: 現金 | J6: 114年1-6月合作農場回饋金 | M6: 4104 | N6: 4 | O6: 捐款 | P6: 回饋金 | Q6: 林秀映 | R6: N | S6: 17900
B7: 科目名稱 | C7: 金額 | G7: 45915 | H7: 9 | I7: 現金 | J7: 捐款 | M7: 4104 | N7: 4 | O7: 捐款 | Q7: 王志仁 | R7: N | S7: 16200
B8: 4104 | C8: 73677 | G8: 45915 | H8: 9 | I8: 現金 | J8: 捐款 | M8: 4104 | N8: 4 | O8: 捐款 | Q8: 賴敏慧 | R8: N | S8: 16200
G9: 45985 | H9: 11 | I9: 現金 | J9: 舊港食物森林 | M9: 4104 | N9: 4 | O9: 捐款 | P9: 舊港食物森林 | Q9: 黃淑媛 | R9: N | S9: 7925
B10: 合計 | C10: =SUM(C8:C9) -> 73677 | G10: 46020 | H10: 12 | I10: 銀行 | J10: ＡＴＭ跨行轉 | K10: 009/0079190242313400 | L10: M1140001-陳韻瑛 | M10: 4104 | N10: 4 | O10: 捐款 | P10: 捐款 | Q10: 陳韻瑛 | R10: N | S10: 5000
G13: 日期 | H13: 月 | I13: 類別 | J13: 內容 | K13: 單據編號 | L13: 單據項次 | M13: 科目代號 | N13: Type | O13: 科目名稱 | P13: 報表內容 | Q13: 收/請款人 | R13: 類別2 | S13: 收入 | T13: 支出

Sheet 年會費明細1
A2: 日期 | B2: 月 | C2: 類別 | D2: 內容 | E2: 單據編號 | F2: 單據項次 | G2: 科目代號 | H2: Type | I2: 科目名稱 | J2: 報表內容 | K2: 收/請款人 | L2: 類別2 | M2: 收入 | N2: 支出
A3: 45658 | B3: 12 | C3: 現金 | D3: 會員號碼(黃士豪)-114年 | G3: 4102 | H3: 4 | I3: 常年會費 | J3: 常年會費 | K3: 楊淑英 | L3: N | M3: 500
A4: 45658 | B4: 12 | C4: 現金 | D4: 會員號碼(賴敏慧)-114年 | G4: 4102 | H4: 4 | I4: 常年會費 | J4: 常年會費 | K4: 楊淑英 | L4: N | M4: 500
A5: 45666 | B5: 1 | C5: 銀行 | D5: 常年會費黃鈴潔 | G5: 4102 | H5: 4 | I5: 常年會費 | J5: 常年會費 | K5: 黃鈴潔 | L5: N | M5: 500
A6: 45667 | B6: 1 | C6: 現金 | D6: 常年會費林秋涼 | G6: 4102 | H6: 4 | I6: 常年會費 | J6: 常年會費 | K6: 林秋涼 | L6: N | M6: 500
A7: 45667 | B7: 1 | C7: 現金 | D7: 常年會費蘇秋桂 | G7: 4102 | H7: 4 | I7: 常年會費 | J7: 常年會費 | K7: 蘇秋桂 | L7: N | M7: 500
A8: 45667 | B8: 1 | C8: 現金 | D8: 常年會費 | G8: 4102 | H8: 4 | I8: 常年會費 | J8: 常年會費 | K8: 楊淑英 | L8: N | M8: 500
A9: 45698 | B9: 2 | C9: 銀行 | D9: 常年會費劉貴英 | G9: 4102 | H9: 4 | I9: 常年會費 | J9: 常年會費 | K9: 劉貴英 | L9: N | M9: 500
A10: 45699 | B10: 2 | C10: 銀行 | D10: 常年會費胡耿逢 | G10: 4102 | H10: 4 | I10: 常年會費 | J10: 常年會費 | K10: 胡耿逢 | L10: N | M10: 500
A11: 45699 | B11: 2 | C11: 銀行 | D11: 常年會費張家源 | G11: 4102 | H11: 4 | I11: 常年會費 | J11: 常年會費 | K11: 張家源 | L11: N | M11: 500
A12: 45699 | B12: 2 | C12: 銀行 | D12: 常年會費黃湘淳 | G12: 4102 | H12: 4 | I12: 常年會費 | J12: 常年會費 | K12: 黃湘淳 | L12: N | M12: 500
A13: 45699 | B13: 2 | C13: 銀行 | D13: 常年會費莊棋本 | G13: 4102 | H13: 4 | I13: 常年會費 | J13: 常年會費 | K13: 莊棋本 | L13: N | M13: 500
A14: 45699 | B14: 2 | C14: 銀行 | D14: 常年會費林秀映 | G14: 4102 | H14: 4 | I14: 常年會費 | J14: 常年會費 | K14: 林秀映 | L14: N | M14: 500
... A30: 45701 | B30: 2 | C30: 銀行 | D30: 常年會費陳錦媛 | G30: 4102 | H30: 4 | I30: 常年會費 | J30: 常年會費 | K30: 陳錦媛 | L30: N | M30: 500
A31: 45701 | B31: 2 | C31: 銀行 | D31: 常年會費古進欽 | E31: M1130093-古進欽-113已交 | G31: 4102 | H31: 4 | I31: 常年會費 | J31: 常年會費 | K31: 古進欽 | L31: N | M31: 500
A32: 45701 | B32: 2 | C32: 銀行 | D32: 常年會費古素錚 | G32: 4102 | H32: 4 | I32: 常年會費 | J32: 常年會費 | K32: 古素錚 | L32: N | M32: 500
A33: 45702 | B33: 2 | C33: 現金 | D33: 常年會費張松生 | G33: 4102 | H33: 4 | I33: 常年會費 | J33: 常年會費 | K33: 張松生 | L33: N | M33: 500
A34: 45702 | B34: 2 | C34: 現金 | D34: 常年會費鄭國華 | G34: 4102 | H34: 4 | I34: 常年會費 | J34: 常年會費 | K34: 鄭國華 | L34: N | M34: 500
A35: 45704 | B35: 2 | C35: 銀行 | D35: 常年會費劉妮雲 | G35: 4102 | H35: 4 | I35: 常年會費 | J35: 常年會費 | K35: 劉妮雲 | L35: N | M35: 500
A36: 45704 | B36: 2 | C36: 銀行 | D36: 常年會費謝世枋 | G36: 4102 | H36: 4 | I36: 常年會費 | J36: 常年會費 | K36: 謝世枋 | L36: N | M36: 500
A37: 45704 | B37: 2 | C37: 銀行 | D37: 常年會費尚業蘭 | G37: 4102 | H37: 4 | I37: 常年會費 | J37: 常年會費 | K37: 尚業蘭 | L37: N | M37: 500
A38: 45704 | B38: 2 | C38: 銀行 | D38: 常年會費楊玉瑛 | G38: 4102 | H38: 4 | I38: 常年會費 | J38: 常年會費 | K38: 楊玉瑛 | L38: N | M38: 500
A39: 45705 | B39: 2 | C39: 銀行 | D39: 常年會費項春蘭 | G39: 4102 | H39: 4 | I39: 常年會費 | J39: 常年會費 | K39: 項春蘭 | L39: N | M39: 500
A40: 45705 | B40: 2 | C40: 銀行 | D40: 常年會費綦由鳳 | G40: 4102 | H40: 4 | I40: 常年會費 | J40: 常年會費 | K40: 綦由鳳 | L40: N | M40: 500
A41: 45705 | B41: 2 | C41: 現金 | D41: 常年會費張耀 | G41: 4102 | H41: 4 | I41: 常年會費 | J41: 常年會費 | K41: 張耀 | L41: N | M41: 500
A42: 45705 | B42: 2 | C42: 現金 | D42: 常年會費曾秀錦 | G42: 4102 | H42: 4 | I42: 常年會費 | J42: 常年會費 | K42: 曾秀錦 | L42: N | M42: 500
A43: 45705 | B43: 2 | C43: 現金 | D43: 常年會費劉省 | G43: 4102 | H43: 4 | I43: 常年會費 | J43: 常年會費 | K43: 劉省 | L43: N | M43: 500
... A77: 45786 | B77: 5 | C77: 現金 | D77: 常年會費柏雅玲 | G77: 4102 | H77: 4 | I77: 常年會費 | J77: 常年會費 | K77: 柏雅玲 | L77: N | M77: 500
A78: 45787 | B78: 5 | C78: 現金 | D78: 常年會費江盛任 | G78: 4102 | H78: 4 | I78: 常年會費 | J78: 常年會費 | L78: N | M78: 500
A79: 45787 | B79: 5 | C79: 現金 | D79: 常年會費呂美玲 | G79: 4102 | H79: 4 | I79: 常年會費 | J79: 常年會費 | L79: N | M79: 500
A80: 45787 | B80: 5 | C80: 現金 | D80: 常年會費林昱妡 | G80: 4102 | H80: 4 | I80: 常年會費 | J80: 常年會費 | L80: N | M80: 500
A81: 45787 | B81: 5 | C81: 現金 | D81: 常年會費林煌榮 | G81: 4102 | H81: 4 | I81: 常年會費 | J81: 常年會費 | L81: N | M81: 500
A82: 45787 | B82: 5 | C82: 現金 | D82: 常年會費高泉堯 | G82: 4102 | H82: 4 | I82: 常年會費 | J82: 常年會費 | L82: N | M82: 500
A83: 45787 | B83: 5 | C83: 現金 | D83: 常年會費許如勳 | G83: 4102 | H83: 4 | I83: 常年會費 | J83: 常年會費 | L83: N | M83: 500
A84: 45787 | B84: 5 | C84: 現金 | D84: 常年會費賴台榮 | G84: 4102 | H84: 4 | I84: 常年會費 | J84: 常年會費 | L84: N | M84: 500
A85: 45826 | B85: 6 | C85: 現金 | D85: 113年常年會費陳翠菊 | G85: 4102 | H85: 4 | I85: 常年會費 | J85: 常年會費 | K85: 陳翠菊 | L85: N | M85: 500
A86: 45826 | B86: 6 | C86: 現金 | D86: 114年常年會費陳翠菊 | G86: 4102 | H86: 4 | I86: 常年會費 | J86: 常年會費 | K86: 陳翠菊 | L86: N | M86: 500

Sheet 帳冊
J1: 常年會費 | K1: 83 | L1: 41500 | M1: 銀行 | N1: 19500 | O1: 39
J2: 入會費 | K2: 0 | M2: 現金 | N2: 22000 | O2: 44 | W2: 114年已繳 | Y2: 83
M3: 874949 | N3: 819878 | O3: 55071 | P3: 收入支出累計 | Q3: 銀行總額+ | R3: 銀行 | S3: 銀行 | T3: 銀行 | U3: 零用金 | W3: 常年會費 | X3: 41500 | Y3: 人數 | Z3: 83
A4: 日期 | B4: 月 | C4: 類別 | D4: 內容 | E4: 單據編號 | F4: 單據項次 | G4: 科目代號 | H4: Type | I4: 科目名稱 | J4: 報表內容 | K4: 收/請款人 | L4: 類別2 | M4: 收入 | N4: 支出 | O4: 金額 | P4: 餘額 | Q4: 零用金 | R4: 總額 | S4: 活存 | T4: 定存 | U4: 現金 | W4: 銀行 | X4: 19500 | Y4: 39 | Z4: 19500
A5: 期初結存 | C5: N | D5: 期初結存 | I5: 期初結存 | Q5: 319826 | R5: 308301 | S5: 58301 | T5: 250000 | U5: 11525 | W5: 現金 | X5: 22000 | Y5: 44 | Z5: 22000
A6: 45658 | B6: 1 | C6: 現金 | D6: 郵電費 | G6: 5205 | H6: 5 | I6: 郵電費 | J6: 郵電費 | L6: N | N6: 0 | O6: 0 | P6: 0 | Q6: 319826 | R6: 308301 | S6: 58301 | T6: 250000 | U6: 11525
A7: 45658 | B7: 12 | C7: 現金 | D7: 會員號碼(黃士豪)-114年 | G7: 4102 | H7: 4 | I7: 常年會費 | J7: 常年會費 | K7: 楊淑英 | L7: N | M7: 500 | O7: 500 | P7: 500 | Q7: 320326 | R7: 308301 | S7: 58301 | T7: 250000 | U7: 12025
A8: 45658 | B8: 12 | C8: 現金 | D8: 會員號碼(賴敏慧)-114年 | G8: 4102 | H8: 4 | I8: 常年會費 | J8: 常年會費 | K8: 楊淑英 | L8: N | M8: 500 | O8: 500 | P8: 1000 | Q8: 320826 | R8: 308301 | S8: 58301 | T8: 250000 | U8: 12525
A9: 45660 | B9: 1 | C9: 現金 | D9: 買砂輪片1盒 | E9: 1140315001 | G9: 5211 | H9: 5 | I9: 材料費 | J9: 買砂輪片1盒 | K9: 楊淑英 | L9: N | N9: 180 | O9: -180 | P9: 820 | Q9: 320646 | R9: 308301 | S9: 58301 | T9: 250000 | U9: 12345
A10: 45663 | B10: 1 | C10: 銀行 | D10: 存單利息 | E10: 存單利息 | G10: 4109 | H10: 4 | I10: 其他收入 | J10: 利息 | K10: 銀行 | L10: N | M10: 70 | O10: 70 | P10: 890 | Q10: 320716 | R10: 308371 | S10: 58371 | T10: 250000 | U10: 12345
A11: 45664 | B11: 1 | C11: 現金 | D11: 2024H2:雞舍回饋金 | G11: 5211 | H11: 5 | I11: 材料費 | J11: 回饋金 | K11: 楊淑英 | L11: N | M11: 4474 | O11: 4474 | P11: 5364 | Q11: 325190 | R11: 308371 | S11: 58371 | T11: 250000 | U11: 16819
A12: 45666 | B12: 1 | C12: 銀行 | D12: 常年會費黃鈴潔 | G12: 4102 | H12: 4 | I12: 常年會費 | J12: 常年會費 | K12: 黃鈴潔 | L12: N | M12: 500 | O12: 500 | P12: 5864 | Q12: 325690 | R12: 308871 | S12: 58871 | T12: 250000 | U12: 16819
A13: 45667 | B13: 1 | C13: 現金 | D13: 常年會費林秋涼 | G13: 4102 | H13: 4 | I13: 常年會費 | J13: 常年會費 | K13: 林秋涼 | L13: N | M13: 500 | O13: 500 | P13: 6364 | Q13: 326190 | R13: 308871 | S13: 58871 | T13: 250000 | U13: 17319
A14: 45667 | B14: 1 | C14: 現金 | D14: 常年會費蘇秋桂 | G14: 4102 | H14: 4 | I14: 常年會費 | J14: 常年會費 | K14: 蘇秋桂 | L14: N | M14: 500 | O14: 500 | P14: 6864 | Q14: 326690 | R14: 308871 | S14: 58871 | T14: 250000 | U14: 17819
A15: 45667 | B15: 1 | C15: 現金 | D15: 常年會費 | G15: 4102 | H15: 4 | I15: 常年會費 | J15: 常年會費 | K15: 楊淑英 | L15: N | M15: 500 | O15: 500 | P15: 7364 | Q15: 327190 | R15: 308871 | S15: 58871 | T15: 250000 | U15: 18319
A16: 45668 | B16: 1 | C16: 銀行 | D16: 存單利息 | E16: 存單利息 | G16: 4109 | H16: 4 | I16: 其他收入 | J16: 利息 | K16: 銀行 | L16: N | M16: 66 | O16: 66 | P16: 7430 | Q16: 327256 | R16: 308937 | S16: 58937 | T16: 250000 | U16: 18319
A17: 45668 | B17: 1 | C17: 銀行 | D17: 存單利息 | E17: 存單利息 | G17: 4109 | H17: 4 | I17: 其他收入 | J17: 利息 | K17: 銀行 | L17: N | M17: 66 | O17: 66 | P17: 7496 | Q17: 327322 | R17: 309003 | S17: 59003 | T17: 250000 | U17: 18319
A18: 45668 | B18: 1 | C18: 銀行 | D18: 存單利息 | E18: 存單利息 | G18: 4109 | H18: 4 | I18: 其他收入 | J18: 利息 | K18: 銀行 | L18: N | M18: 66 | O18: 66 | P18: 7562 | Q18: 327388 | R18: 309069 | S18: 59069 | T18: 250000 | U18: 18319
A19: 45668 | B19: 1 | C19: 銀行 | D19: 存單利息 | E19: 存單利息 | G19: 4109 | H19: 4 | I19: 其他收入 | J19: 利息 | K19: 銀行 | L19: N | M19: 70 | O19: 70 | P19: 7632 | Q19: 327458 | R19: 309139 | S19: 59139 | T19: 250000 | U19: 18319
A20: 45676 | B20: 1 | C20: 銀行 | D20: 還款(8/25王志仁借款) | G20: 9999 | H20: 9 | I20: 還款 | K20: 王志仁 | L20: N | M20: 50000 | O20: 50000 | P20: 57632 | Q20: 477458 | R20: 459139 | S20: 109139 | T20: 350000 | U20: 18319
A21: 45676 | B21: 1 | C21: 銀行 | D21: 還款(8/25王志仁借款) | G21: 9999 | H21: 9 | I21: 還款 | K21: 王志仁 | L21: N | M21: 50000 | O21: 50000 | P21: 107632 | Q21: 527458 | R21: 509139 | S21: 159139 | T21: 350000 | U21: 18319
A22: 45677 | B22: 1 | C22: 銀行 | D22: 場地費(收據-1130010~收據-11300113) | F22: 收據-1130010~收據-11300113 | G22: 5211 | H22: 5 | I22: 材料費 | K22: 王志仁 | L22: N | M22: 42000 | O22: 42000 | P22: 149632 | Q22: 569458 | R22: 551139 | S22: 201139 | T22: 350000 | U22: 18319
A23: 45677 | B23: 1 | C23: 銀行 | D23: 網路台綜轉定 | G23: 9999 | H23: 9 | I23: 網路台綜轉定 | K23: 銀行 | L23: N | N23: 100000 | O23: -100000 | P23: 49632 | Q23: 469458 | R23: 451139 | S23: 101139 | T23: 350000 | U23: 18319
A24: 45694 | B24: 2 | C24: 銀行 | D24: 存單利息 | E24: 存單利息 | G24: 4109 | H24: 4 | I24: 其他收入 | J24: 利息 | K24: 銀行 | L24: N | M24: 70 | O24: 70 | P24: 49702 | Q24: 469528 | R24: 451209 | S24: 101209 | T24: 350000 | U24: 18319
A25: 45698 | B25: 2 | C25: 銀行 | D25: 常年會費劉貴英 | G25: 4102 | H25: 4 | I25: 常年會費 | J25: 常年會費 | K25: 劉貴英 | L25: N | M25: 500 | O25: 500 | P25: 50202 | Q25: 470028 | R25: 451709 | S25: 101709 | T25: 350000 | U25: 18319
A26: 45698 | B26: 2 | C26: 現金 | D26: 實驗室土水郵資 | E26: 1140315001 | G26: 5205 | H26: 5 | I26: 郵電費 | J26: 郵電費 | K26: 楊淑英 | L26: N | N26: 80 | O26: -80 | P26: 50122 | Q26: 469948 | R26: 451709 | S26: 101709 | T26: 350000 | U26: 18239
A27: 45698 | B27: 2 | C27: 現金 | D27: 調和漆2桶 | E27: 1140228001 | G27: 5211 | H27: 5 | I27: 材料費 | J27: 調和漆2桶 | K27: 黃勝雄 | L27: N | N27: 525 | O27: -525 | P27: 49597 | Q27: 469423 | R27: 451709 | S27: 101709 | T27: 350000 | U27: 17714
A28: 45698 | B28: 2 | C28: 現金 | D28: 乾拌水泥 | E28: 1140228001 | G28: 5211 | H28: 5 | I28: 材料費 | J28: 乾拌水泥 | K28: 黃勝雄 | L28: N | N28: 1360 | O28: -1360 | P28: 48237 | Q28: 468063 | R28: 451709 | S28: 101709 | T28: 350000 | U28: 16354
A29: 45699 | B29: 2 | C29: 銀行 | D29: 存單利息 | E29: 存單利息 | G29: 4109 | H29: 4 | I29: 其他收入 | J29: 利息 | K29: 銀行 | L29: N | M29: 70 | O29: 70 | P29: 48307 | Q29: 468133 | R29: 451779 | S29: 101779 | T29: 350000 | U29: 16354
A30: 45699 | B30: 2 | C30: 銀行 | D30: 存單利息 | E30: 存單利息 | G30: 4109 | H30: 4 | I30: 其他收入 | J30: 利息 | K30: 銀行 | L30: N | M30: 66 | O30: 66 | P30: 48373 | Q30: 468199 | R30: 451845 | S30: 101845 | T30: 350000 | U30: 16354
A31: 45699 | B31: 2 | C31: 銀行 | D31: 存單利息 | E31: 存單利息 | G31: 4109 | H31: 4 | I31: 其他收入 | J31: 利息 | K31: 銀行 | L31: N | M31: 66 | O31: 66 | P31: 48439 | Q31: 468265 | R31: 451911 | S31: 101911 | T31: 350000 | U31: 16354
A32: 45699 | B32: 2 | C32: 銀行 | D32: 存單利息 | E32: 存單利息 | G32: 4109 | H32: 4 | I32: 其他收入 | J32: 利息 | K32: 銀行 | L32: N | M32: 66 | O32: 66 | P32: 48505 | Q32: 468331 | R32: 451977 | S32: 101977 | T32: 350000 | U32: 16354
A33: 45699 | B33: 2 | C33: 銀行 | D33: 常年會費胡耿逢 | G33: 4102 | H33: 4 | I33: 常年會費 | J33: 常年會費 | K33: 胡耿逢 | L33: N | M33: 500 | O33: 500 | P33: 49005 | Q33: 468831 | R33: 452477 | S33: 102477 | T33: 350000 | U33: 16354
A34: 45699 | B34: 2 | C34: 銀行 | D34: 常年會費張家源 | G34: 4102 | H34: 4 | I34: 常年會費 | J34: 常年會費 | K34: 張家源 | L34: N | M34: 500 | O34: 500 | P34: 49505 | Q34: 469331 | R34: 452977 | S34: 102977 | T34: 350000 | U34: 16354
A35: 45699 | B35: 2 | C35: 銀行 | D35: 常年會費黃湘淳 | G35: 4102 | H35: 4 | I35: 常年會費 | J35: 常年會費 | K35: 黃湘淳 | L35: N | M35: 500 | O35: 500 | P35: 50005 | Q35: 469831 | R35: 453477 | S35: 103477 | T35: 350000 | U35: 16354
A36: 45699 | B36: 2 | C36: 銀行 | D36: 常年會費莊棋本 | G36: 4102 | H36: 4 | I36: 常年會費 | J36: 常年會費 | K36: 莊棋本 | L36: N | M36: 500 | O36: 500 | P36: 50505 | Q36: 470331 | R36: 453977 | S36: 103977 | T36: 350000 | U36: 16354
A37: 45699 | B37: 2 | C37: 銀行 | D37: 常年會費林秀映 | G37: 4102 | H37: 4 | I37: 常年會費 | J37: 常年會費 | K37: 林秀映 | L37: N | M37: 500 | O37: 500 | P37: 51005 | Q37: 470831 | R37: 454477 | S37: 104477 | T37: 350000 | U37: 16354
A38: 45699 | B38: 2 | C38: 現金 | D38: 常年會費張美津 | G38: 4102 | H38: 4 | I38: 常年會費 | J38: 常年會費 | K38: 張美津 | L38: N | M38: 500 | O38: 500 | P38: 51505 | Q38: 471331 | R38: 454477 | S38: 104477 | T38: 350000 | U38: 16854
A39: 45699 | B39: 2 | C39: 現金 | D39: 常年會費江星樂 | G39: 4102 | H39: 4 | I39: 常年會費 | J39: 常年會費 | K39: 江星樂 | L39: N | M39: 500 | O39: 500 | P39: 52005 | Q39: 471831 | R39: 454477 | S39: 104477 | T39: 350000 | U39: 17354
A40: 45699 | B40: 2 | C40: 現金 | D40: 常年會費邱美玲 | G40: 4102 | H40: 4 | I40: 常年會費 | J40: 常年會費 | K40: 邱美玲 | L40: N | M40: 500 | O40: 500 | P40: 52505 | Q40: 472331 | R40: 454477 | S40: 104477 | T40: 350000 | U40: 17854
A41: 45699 | B41: 2 | C41: 現金 | D41: 常年會費邱建程 | G41: 4102 | H41: 4 | I41: 常年會費 | J41: 常年會費 | K41: 邱建程 | L41: N | M41: 500 | O41: 500 | P41: 53005 | Q41: 472831 | R41: 454477 | S41: 104477 | T41: 350000 | U41: 18354
A42: 45699 | B42: 2 | C42: 現金 | D42: 常年會費黃淑媛 | G42: 4102 | H42: 4 | I42: 常年會費 | J42: 常年會費 | K42: 黃淑媛 | L42: N | M42: 500 | O42: 500 | P42: 53505 | Q42: 473331 | R42: 454477 | S42: 104477 | T42: 350000 | U42: 18854
A43: 45699 | B43: 2 | C43: 現金 | D43: 貨車加油 | E43: 1140228001 | G43: 5211 | H43: 5 | I43: 材料費 | J43: 貨車加油 | K43: 張耀 | L43: N | N43: 809 | O43: -809 | P43: 52696 | Q43: 472522 | R43: 454477 | S43: 104477 | T43: 350000 | U43: 18045
A44: 45699 | B44: 2 | C44: 現金 | D44: 鋼角材 | E44: 1140228001 | G44: 5211 | H44: 5 | I44: 材料費 | J44: 鋼角材 | K44: 黃勝雄 | L44: N | N44: 7034 | O44: -7034 | P44: 45662 | Q44: 465488 | R44: 454477 | S44: 104477 | T44: 350000 | U44: 11011
A45: 45700 | B45: 2 | C45: 銀行 | D45: 常年會費趙麗卿 | G45: 4102 | H45: 4 | I45: 常年會費 | J45: 常年會費 | K45: 趙麗卿 | L45: N | M45: 500 | O45: 500 | P45: 46162 | Q45: 465988 | R45: 454977 | S45: 104977 | T45: 350000 | U45: 11011
A46: 45700 | B46: 2 | C46: 銀行 | D46: 常年會費黃清姚 +廖如月+蘇淑美 | G46: 4102 | H46: 4 | I46: 常年會費 | J46: 常年會費 | K46: 黃清姚 +廖如月+蘇淑美 | L46: N | M46: 500 | O46: 500 | P46: 46662 | Q46: 466488 | R46: 455477 | S46: 105477 | T46: 350000 | U46: 11011
A47: 45700 | B47: 2 | C47: 銀行 | D47: 常年會費黃清姚 +廖如月+蘇淑美 | G47: 4102 | H47: 4 | I47: 常年會費 | J47: 常年會費 | K47: 黃清姚 +廖如月+蘇淑美 | L47: N | M47: 500 | O47: 500 | P47: 47162 | Q47: 466988 | R47: 455977 | S47: 105977 | T47: 350000 | U47: 11011
A48: 45700 | B48: 2 | C48: 銀行 | D48: 常年會費黃清姚 +廖如月+蘇淑美 | G48: 4102 | H48: 4 | I48: 常年會費 | J48: 常年會費 | K48: 黃清姚 +廖如月+蘇淑美 | L48: N | M48: 500 | O48: 500 | P48: 47662 | Q48: 467488 | R48: 456477 | S48: 106477 | T48: 350000 | U48: 11011
A49: 45700 | B49: 2 | C49: 銀行 | D49: 常年會費楊鳳英+黃憲弘 | G49: 4102 | H49: 4 | I49: 常年會費 | J49: 常年會費 | K49: 楊鳳英+黃憲弘 | L49: N | M49: 500 | O49: 500 | P49: 48162 | Q49: 467988 | R49: 456977 | S49: 106977 | T49: 350000 | U49: 11011
A50: 45700 | B50: 2 | C50: 銀行 | D50: 常年會費楊鳳英+黃憲弘 | G50: 4102 | H50: 4 | I50: 常年會費 | J50: 常年會費 | K50: 楊鳳英+黃憲弘 | L50: N | M50: 500 | O50: 500 | P50: 48662 | Q50: 468488 | R50: 457477 | S50: 107477 | T50: 350000 | U50: 11011
A51: 45700 | B51: 2 | C51: 銀行 | D51: 常年會費陳蘭卿+余秀鳳 | G51: 4102 | H51: 4 | I51: 常年會費 | J51: 常年會費 | K51: 陳蘭卿+余秀鳳 | L51: N | M51: 500 | O51: 500 | P51: 49162 | Q51: 468988 | R51: 457977 | S51: 107977 | T51: 350000 | U51: 11011
A52: 45700 | B52: 2 | C52: 銀行 | D52: 常年會費陳蘭卿+余秀鳳 | G52: 4102 | H52: 4 | I52: 常年會費 | J52: 常年會費 | K52: 陳蘭卿+余秀鳳 | L52: N | M52: 500 | O52: 500 | P52: 49662 | Q52: 469488 | R52: 458477 | S52: 108477 | T52: 350000 | U52: 11011
A53: 45700 | B53: 2 | C53: 現金 | D53: 常年會費黃勝雄 | G53: 4102 | H53: 4 | I53: 常年會費 | J53: 常年會費 | K53: 黃勝雄 | L53: N | M53: 500 | O53: 500 | P53: 50162 | Q53: 469988 | R53: 458477 | S53: 108477 | T53: 350000 | U53: 11511
A54: 45700 | B54: 2 | C54: 現金 | D54: 常年會費游美雪 | G54: 4102 | H54: 4 | I54: 常年會費 | J54: 常年會費 | K54: 游美雪 | L54: N | M54: 500 | O54: 500 | P54: 50662 | Q54: 470488 | R54: 458477 | S54: 108477 | T54: 350000 | U54: 12011
A55: 45701 | B55: 2 | C55: 銀行 | D55: 常年會費陳錦媛 | G55: 4102 | H55: 4 | I55: 常年會費 | J55: 常年會費 | K55: 陳錦媛 | L55: N | M55: 500 | O55: 500 | P55: 51162 | Q55: 470988 | R55: 458977 | S55: 108977 | T55: 350000 | U55: 12011
A56: 45701 | B56: 2 | C56: 銀行 | D56: 常年會費古進欽 | E56: M1130093-古進欽-113已交 | G56: 4102 | H56: 4 | I56: 常年會費 | J56: 常年會費 | K56: 古進欽 | L56: N | M56: 500 | O56: 500 | P56: 51662 | Q56: 471488 | R56: 459477 | S56: 109477 | T56: 350000 | U56: 12011
A57: 45701 | B57: 2 | C57: 銀行 | D57: 常年會費古素錚 | G57: 4102 | H57: 4 | I57: 常年會費 | J57: 常年會費 | K57: 古素錚 | L57: N | M57: 500 | O57: 500 | P57: 52162 | Q57: 471988 | R57: 459977 | S57: 109977 | T57: 350000 | U57: 12011
A58: 45702 | B58: 2 | C58: 現金 | D58: 常年會費張松生 | G58: 4102 | H58: 4 | I58: 常年會費 | J58: 常年會費 | K58: 張松生 | L58: N | M58: 500 | O58: 500 | P58: 52662 | Q58: 472488 | R58: 459977 | S58: 109977 | T58: 350000 | U58: 12511
A59: 45702 | B59: 2 | C59: 現金 | D59: 常年會費鄭國華 | G59: 4102 | H59: 4 | I59: 常年會費 | J59: 常年會費 | K59: 鄭國華 | L59: N | M59: 500 | O59: 500 | P59: 53162 | Q59: 472988 | R59: 459977 | S59: 109977 | T59: 350000 | U59: 13011
A60: 45704 | B60: 2 | C60: 銀行 | D60: 常年會費劉妮雲 | G60: 4102 | H60: 4 | I60: 常年會費 | J60: 常年會費 | K60: 劉妮雲 | L60: N | M60: 500 | O60: 500 | P60: 53662 | Q60: 473488 | R60: 460477 | S60: 110477 | T60: 350000 | U60: 13011
A61: 45704 | B61: 2 | C61: 銀行 | D61: 常年會費謝世枋 | G61: 4102 | H61: 4 | I61: 常年會費 | J61: 常年會費 | K61: 謝世枋 | L61: N | M61: 500 | O61: 500 | P61: 54162 | Q61: 473988 | R61: 460977 | S61: 110977 | T61: 350000 | U61: 13011
A62: 45704 | B62: 2 | C62: 銀行 | D62: 常年會費尚業蘭 | G62: 4102 | H62: 4 | I62: 常年會費 | J62: 常年會費 | K62: 尚業蘭 | L62: N | M62: 500 | O62: 500 | P62: 54662 | Q62: 474488 | R62: 461477 | S62: 111477 | T62: 350000 | U62: 13011
A63: 45704 | B63: 2 | C63: 銀行 | D63: 常年會費楊玉瑛 | G63: 4102 | H63: 4 | I63: 常年會費 | J63: 常年會費 | K63: 楊玉瑛 | L63: N | M63: 500 | O63: 500 | P63: 55162 | Q63: 474988 | R63: 461977 | S63: 111977 | T63: 350000 | U63: 13011
A64: 45705 | B64: 2 | C64: 銀行 | D64: 常年會費項春蘭 | G64: 4102 | H64: 4 | I64: 常年會費 | J64: 常年會費 | K64: 項春蘭 | L64: N | M64: 500 | O64: 500 | P64: 55662 | Q64: 475488 | R64: 462477 | S64: 112477 | T64: 350000 | U64: 13011
A65: 45705 | B65: 2 | C65: 銀行 | D65: 常年會費綦由鳳 | G65: 4102 | H65: 4 | I65: 常年會費 | J65: 常年會費 | K65: 綦由鳳 | L65: N | M65: 500 | O65: 500 | P65: 56162 | Q65: 475988 | R65: 462977 | S65: 112977 | T65: 350000 | U65: 13011
A66: 45705 | B66: 2 | C66: 現金 | D66: 常年會費張耀 | G66: 4102 | H66: 4 | I66: 常年會費 | J66: 常年會費 | K66: 張耀 | L66: N | M66: 500 | O66: 500 | P66: 56662 | Q66: 476488 | R66: 462977 | S66: 112977 | T66: 350000 | U66: 13511
A67: 45705 | B67: 2 | C67: 現金 | D67: 常年會費曾秀錦 | G67: 4102 | H67: 4 | I67: 常年會費 | J67: 常年會費 | K67: 曾秀錦 | L67: N | M67: 500 | O67: 500 | P67: 57162 | Q67: 476988 | R67: 462977 | S67: 112977 | T67: 350000 | U67: 14011
A68: 45705 | B68: 2 | C68: 現金 | D68: 常年會費劉省 | G68: 4102 | H68: 4 | I68: 常年會費 | J68: 常年會費 | K68: 劉省 | L68: N | M68: 500 | O68: 500 | P68: 57662 | Q68: 477488 | R68: 462977 | S68: 112977 | T68: 350000 | U68: 14511
A69: 45705 | B69: 2 | C69: 現金 | D69: 常年會費吳錦芬 | G69: 4102 | H69: 4 | I69: 常年會費 | J69: 常年會費 | K69: 吳錦芬 | L69: N | M69: 500 | O69: 500 | P69: 58162 | Q69: 477988 | R69: 462977 | S69: 112977 | T69: 350000 | U69: 15011
A70: 45705 | B70: 2 | C70: 現金 | D70: 梯子 | E70: 1140228001 | G70: 5211 | H70: 5 | I70: 材料費 | J70: 梯子 | K70: 黃勝雄 | L70: N | N70: 1500 | O70: -1500 | P70: 56662 | Q70: 476488 | R70: 462977 | S70: 112977 | T70: 350000 | U70: 13511
A71: 45706 | B71: 2 | C71: 銀行 | D71: 常年會費彭月雲 | G71: 4102 | H71: 4 | I71: 常年會費 | J71: 常年會費 | K71: 彭月雲 | L71: N | M71: 500 | O71: 500 | P71: 57162 | Q71: 476988 | R71: 463477 | S71: 113477 | T71: 350000 | U71: 13511
A72: 45707 | B72: 2 | C72: 銀行 | D72: 常年會費楊麗珍 | G72: 4102 | H72: 4 | I72: 常年會費 | J72: 常年會費 | K72: 楊麗珍 | L72: N | M72: 500 | O72: 500 | P72: 57662 | Q72: 477488 | R72: 463977 | S72: 113977 | T72: 350000 | U72: 13511
A73: 45707 | B73: 2 | C73: 銀行 | D73: 常年會費吳季蓁 | G73: 4102 | H73: 4 | I73: 常年會費 | J73: 常年會費 | K73: 吳季蓁 | L73: N | M73: 500 | O73: 500 | P73: 58162 | Q73: 477988 | R73: 464477 | S73: 114477 | T73: 350000 | U73: 13511
A74: 45708 | B74: 2 | C74: 銀行 | D74: 存單利息 | E74: 存單利息 | G74: 4109 | H74: 4 | I74: 其他收入 | J74: 利息 | K74: 銀行 | L74: N | M74: 71 | O74: 71 | P74: 58233 | Q74: 478059 | R74: 464548 | S74: 114548 | T74: 350000 | U74: 13511
A75: 45708 | B75: 2 | C75: 銀行 | D75: 存單利息 | E75: 存單利息 | G75: 4109 | H75: 4 | I75: 其他收入 | J75: 利息 | K75: 銀行 | L75: N | M75: 71 | O75: 71 | P75: 58304 | Q75: 478130 | R75: 464619 | S75: 114619 | T75: 350000 | U75: 13511
A76: 45708 | B76: 2 | C76: 銀行 | D76: 常年會費黃雲朋 | G76: 4102 | H76: 4 | I76: 常年會費 | J76: 常年會費 | K76: 黃雲朋 | L76: N | M76: 500 | O76: 500 | P76: 58804 | Q76: 478630 | R76: 465119 | S76: 115119 | T76: 350000 | U76: 13511
A77: 45708 | B77: 2 | C77: 銀行 | D77: 常年會費黃恒心 | G77: 4102 | H77: 4 | I77: 常年會費 | J77: 常年會費 | K77: 黃恆心 | L77: N | M77: 500 | O77: 500 | P77: 59304 | Q77: 479130 | R77: 465619 | S77: 115619 | T77: 350000 | U77: 13511
A78: 45708 | B78: 2 | C78: 現金 | D78: 螺絲+石英砂 | E78: 1140228001 | G78: 5211 | H78: 5 | I78: 材料費 | J78: 螺絲+石英砂 | K78: 楊淑英 | L78: N | N78: 390 | O78: -390 | P78: 58914 | Q78: 478740 | R78: 465619 | S78: 115619 | T78: 350000 | U78: 13121
A79: 45708 | B79: 2 | C79: 現金 | D79: 浪板C鋼耐力板 | E79: 1140228001 | G79: 5211 | H79: 5 | I79: 材料費 | J79: 浪板C鋼耐力板 | K79: 楊淑英 | L79: N | N79: 17686 | O79: -17686 | P79: 41228 | Q79: 461054 | R79: 465619 | S79: 115619 | T79: 350000 | U79: -4565
A80: 45709 | B80: 2 | C80: 銀行 | D80: 常年會費陳秀蓮 | G80: 4102 | H80: 4 | I80: 常年會費 | J80: 常年會費 | K80: 陳秀蓮 | L80: N | M80: 500 | O80: 500 | P80: 41728 | Q80: 461554 | R80: 466119 | S80: 116119 | T80: 350000 | U80: -4565
A81: 45710 | B81: 2 | C81: 現金 | D81: 五金 | E81: 1140228001 | G81: 5211 | H81: 5 | I81: 材料費 | J81: 五金 | K81: 楊淑英 | L81: N | N81: 45 | O81: -45 | P81: 41683 | Q81: 461509 | R81: 466119 | S81: 116119 | T81: 350000 | U81: -4610
A82: 45712 | B82: 2 | C82: 現金 | D82: 常年會費陳建泰 | G82: 4102 | H82: 4 | I82: 常年會費 | J82: 常年會費 | K82: 陳建泰 | L82: N | M82: 500 | O82: 500 | P82: 42183 | Q82: 462009 | R82: 466119 | S82: 116119 | T82: 350000 | U82: -4110
A83: 45712 | B83: 3 | C83: 現金 | D83: 常年會費陳正然 | G83: 4102 | H83: 4 | I83: 常年會費 | J83: 常年會費 | K83: 陳正然 | L83: N | M83: 500 | O83: 500 | P83: 42683 | Q83: 462509 | R83: 466119 | S83: 116119 | T83: 350000 | U83: -3610
A84: 45712 | B84: 3 | C84: 現金 | D84: 常年會費夏靜漪 | G84: 4102 | H84: 4 | I84: 常年會費 | J84: 常年會費 | K84: 夏靜漪 | L84: N | M84: 500 | O84: 500 | P84: 43183 | Q84: 463009 | R84: 466119 | S84: 116119 | T84: 350000 | U84: -3110
A85: 45712 | B85: 2 | C85: 現金 | D85: 五金 | E85: 1140228001 | G85: 5211 | H85: 5 | I85: 材料費 | J85: 五金 | K85: 楊淑英 | L85: N | N85: 40 | O85: -40 | P85: 43143 | Q85: 462969 | R85: 466119 | S85: 116119 | T85: 350000 | U85: -3150
A86: 45712 | B86: 2 | C86: 現金 | D86: 五金 | E86: 1140228001 | G86: 5211 | H86: 5 | I86: 材料費 | J86: 五金 | K86: 黃勝雄 | L86: N | N86: 230 | O86: -230 | P86: 42913 | Q86: 462739 | R86: 466119 | S86: 116119 | T86: 350000 | U86: -3380
A87: 45712 | B87: 2 | C87: 現金 | D87: 五金 | E87: 1140228001 | G87: 5211 | H87: 5 | I87: 材料費 | J87: 五金 | K87: 楊淑英 | L87: N | N87: 390 | O87: -390 | P87: 42523 | Q87: 462349 | R87: 466119 | S87: 116119 | T87: 350000 | U87: -3770
A88: 45715 | B88: 2 | C88: 現金 | D88: 常年會費謝蕙苓 | G88: 4102 | H88: 4 | I88: 常年會費 | J88: 常年會費 | K88: 謝蕙苓 | L88: N | M88: 500 | O88: 500 | P88: 43023 | Q88: 462849 | R88: 466119 | S88: 116119 | T88: 350000 | U88: -3270
A89: 45719 | B89: 3 | C89: 現金 | D89: 常年會費李清煌 | G89: 4102 | H89: 4 | I89: 常年會費 | J89: 常年會費 | K89: 李清煌 | L89: N | M89: 500 | O89: 500 | P89: 43523 | Q89: 463349 | R89: 466119 | S89: 116119 | T89: 350000 | U89: -2770
A90: 45719 | B90: 3 | C90: 現金 | D90: 理監事會議午餐 | E90: 1140315001 | G90: 5211 | H90: 5 | I90: 材料費 | J90: 理監事會議午餐 | K90: 楊淑英 | L90: N | N90: 1600 | O90: -1600 | P90: 41923 | Q90: 461749 | R90: 466119 | S90: 116119 | T90: 350000 | U90: -4370
A91: 45719 | B91: 3 | C91: 現金 | D91: 常年會費陳美蓉 | G91: 4102 | H91: 4 | I91: 常年會費 | J91: 常年會費 | K91: 陳美蓉 | L91: N | M91: 500 | O91: 500 | P91: 42423 | Q91: 462249 | R91: 466119 | S91: 116119 | T91: 350000 | U91: -3870
A92: 45719 | B92: 3 | C92: 銀行 | D92: 活存轉出 | G92: 9999 | H92: 9 | I92: 活存轉出 | J92: 活存轉出 | K92: 柏雅玲 | L92: N | N92: 50000 | O92: -50000 | P92: -7577 | Q92: 412249 | R92: 416119 | S92: 66119 | T92: 350000 | U92: -3870
A93: 45719 | B93: 3 | C93: 現金 | D93: 現金轉入 | G93: 9999 | H93: 9 | I93: 現金轉入 | J93: 現金轉入 | K93: 楊淑英 | L93: N | M93: 50000 | O93: 50000 | P93: 42423 | Q93: 462249 | R93: 416119 | S93: 66119 | T93: 350000 | U93: 46130
A94: 45720 | B94: 3 | C94: 銀行 | D94: 常年會費葉淑玲 | G94: 4102 | H94: 4 | I94: 常年會費 | J94: 常年會費 | K94: 葉淑玲 | L94: N | M94: 500 | O94: 500 | P94: 42923 | Q94: 462749 | R94: 416619 | S94: 66619 | T94: 350000 | U94: 46130
A95: 45720 | B95: 3 | C95: 現金 | D95: 常年會費劉孟達 | G95: 4102 | H95: 4 | I95: 常年會費 | J95: 常年會費 | K95: 劉孟達 | L95: N | M95: 500 | O95: 500 | P95: 43423 | Q95: 463249 | R95: 416619 | S95: 66619 | T95: 350000 | U95: 46630
A96: 45720 | B96: 3 | C96: 現金 | D96: 常年會費葉明芳 | G96: 4102 | H96: 4 | I96: 常年會費 | J96: 常年會費 | K96: 葉明芳 | L96: N | M96: 500 | O96: 500 | P96: 43923 | Q96: 463749 | R96: 416619 | S96: 66619 | T96: 350000 | U96: 47130
A97: 45722 | B97: 3 | C97: 銀行 | D97: 存單利息 | E97: 存單利息 | G97: 4109 | H97: 4 | I97: 其他收入 | J97: 利息 | K97: 銀行 | L97: N | M97: 70 | O97: 70 | P97: 43993 | Q97: 463819 | R97: 416689 | S97: 66689 | T97: 350000 | U97: 47130
A98: 45727 | B98: 3 | C98: 銀行 | D98: 存單利息 | E98: 存單利息 | G98: 4109 | H98: 4 | I98: 其他收入 | J98: 利息 | K98: 銀行 | L98: N | M98: 66 | O98: 66 | P98: 44059 | Q98: 463885 | R98: 416755 | S98: 66755 | T98: 350000 | U98: 47130
A99: 45727 | B99: 3 | C99: 銀行 | D99: 存單利息 | E99: 存單利息 | G99: 4109 | H99: 4 | I99: 其他收入 | J99: 利息 | K99: 銀行 | L99: N | M99: 66 | O99: 66 | P99: 44125 | Q99: 463951 | R99: 416821 | S99: 66821 | T99: 350000 | U99: 47130
A100: 45727 | B100: 3 | C100: 銀行 | D100: 存單利息 | E100: 存單利息 | G100: 4109 | H100: 4 | I100: 其他收入 | J100: 利息 | K100: 銀行 | L100: N | M100: 66 | O100: 66 | P100: 44191 | Q100: 464017 | R100: 416887 | S100: 66887 | T100: 350000 | U100: 47130
...
